Cogmind - Beta 16.1 @@@ ROGUE MODE // 2026.03.23 @ 05:33:39 Player: H3-MLN Result: Escaped! Performance ------------- Evolutions (9) 4500 Regions Visited (24) 4800 Robots Destroyed (766) 3830 Value Destroyed (42135) 42135 Prototype IDs (157) 3140 Alien Tech Used (6) 1200 Bonus (29471) 29471 TOTAL SCORE: 89076 Bonus ------- Triggered High Security 500 High Alert Combat Kills 21624 Follower Combat Kills 691 Hunted by Unchained 500 Entered Garrisons 600 Used RIF Installer 1500 Entered DSFs 500 Aligned with FarCom 300 Scanned by Researcher 500 Win 3000 Friendly Fire -244 Cogmind --------- Core Integrity 1176/1600 Matter 216/300 Energy 1849/1890 System Corruption 29% Temperature Cool (9) Movement Treading (145) Location To Epsilon Eridani Parts ------- > --- POWER (4) -------- Improved Quantum Reactor Hybrid Graviton Reactor Concept Zero-point Core Concept Zero-point Core > --- PROPULSION (6) --- Biometal Heavy Treads Biometal Heavy Treads Biometal Heavy Treads > --- UTILITY (11) ----- Advanced Heat Sink Advanced Heat Sink Advanced Heat Sink Concept Phasing Heat Sink (fused) Concept Antigrav Storage Unit Advanced Targeting Computer Experimental Targeting Computer Core Analyzer Experimental Kinecellerator Centrium Light Armor Plating Concept Energy Mantle > --- WEAPON (4) ------- Compact HERF Cannon Concept Plasma Driver Concept Helical Railcannon CPS Tube > --- INVENTORY (25) --- Quantum Reactor Armored Heavy Treads Advanced Heavy Siege Treads Concept Chromion Battery (800) Concept Chromion Battery (800) Concept NT7 Matterbank (750) Concept NT7 Matterbank (750) Quantum Capacitor Experimental Transmission Jammer Layered Medium Armor Plating Centrium Light Armor Plating Concept Matter Streamer High-powered Transdimensional Reconstructor Enhanced Nova Cannon Enhanced Hardcell Cannon Concept Miniperforator Concept Helical Railcannon Enhanced Gamma Bomb Array Concept Rapid Grenade Launcher Concept Smart ZDS Peak State ------------ > --- POWER ------------ Hybrid Graviton Reactor Concept Zero-point Core Concept Zero-point Core Concept Zero-point Core > --- PROPULSION ------- Experimental Heavy Siege Treads Experimental Heavy Siege Treads Experimental Heavy Siege Treads > --- UTILITY ---------- Concept Phasing Heat Sink Concept Antigrav Storage Unit Concept Chromion Battery Concept NT7 Matterbank Core Analyzer Precision Matter Filter Experimental Kinecellerator Concept Core Shell Improved Powered Armor Medium Regenerative Plating Experimental Force Field > --- WEAPON ----------- Concept Plasma Driver Concept Helical Railcannon Concept Heavy Railcannon > --- INVENTORY -------- Light Quantum Reactor Biometal Leg Biometal Leg Biometal Leg Biometal Leg Concept Chromion Battery Concept NT7 Matterbank Launcher Loader Concept Energy Mantle Concept Matter Streamer High-powered Transdimensional Reconstructor Concept Plasma Driver Enhanced Hardcell Cannon Concept Miniperforator Concept Miniperforator Concept Helical Railcannon Concept Rapid Grenade Launcher Concept Smart ZDS Sigix Terminator [Rating: 300] Favorites ----------- Power Concept Zero-point Core Engine Cooled Deuterium Engine Power Core Concept Zero-point Core Reactor Quantum Reactor Propulsion Wheel Treads Experimental Heavy Siege Treads Leg Myomer Leg Wheel Wheel Hover Unit Combat Gravmag System Flight Unit Improved Flight Unit Utility Huge Storage Unit Device Advanced Heat Sink Storage Huge Storage Unit Processor Core Analyzer Hackware Relay Coupler [NC] Protection Improved Powered Armor Artifact Phase Redirector Weapon XL Autogun Subcomponent Energy Gun Particle Gun Energy Cannon Concept Plasma Driver Ballistic Gun XL Autogun Subcomponent Ballistic Cannon Concept Helical Railcannon Launcher Proton Missile Launcher Special Weapon Advanced Remote Datajack Impact Weapon Impact Mace Slashing Weapon Chainsword Special Melee Weapon Improved Datajack Build | -11 -10 -10 -9 -9 -9 -8 -8 -8 -8 -7 -7 -7 -7 -5 -5 -5 -5 -5 -4 -3 -2 -2 -2 -1 ------- Run | Yrd Mat Min Mat Min Exi Min Mat Gar Mat Fac Sto Rec Scr Fac Gar Fac DSF Gar Fac Res Res Qua Frg Acc Slots Evolved 18 | . . . 2 . . . 2 . . 2 . . . 4 . . . . 2 2 2 . . 2 Power 3 | . . . . . . . . . . . . . . . . . . . 1 . 2 . . . Propulsion 4 | . . . 1 . . . . . . 1 . . . . . . . . 1 1 . . . . Utility 9 | . . . 1 . . . . . . 1 . . . 4 . . . . . 1 . . . 2 Weapon 2 | . . . . . . . 2 . . . . . . . . . . . . . . . . . Parts Attached 382 | 7 5 2 9 2 19 9 21 26 13 10 14 3 19 26 11 . 4 6 28 8 9 23 50 58 Power 36 | 1 . 1 1 . 2 1 2 2 1 1 1 . . 3 . . . . 1 . 2 3 7 7 Engine 14 | 1 . 1 1 . 2 1 2 1 1 1 1 . . 1 . . . . . . 1 . . . Core 8 | . . . . . . . . 1 . . . . . 2 . . . . 1 . . . 4 . Reactor 14 | . . . . . . . . . . . . . . . . . . . . . 1 3 3 7 Propulsion 100 | 2 1 1 2 1 8 2 8 7 6 1 7 . 7 8 3 . . . 12 1 2 1 3 17 Treads 36 | 1 . . 2 . 7 . 4 1 . . . . 3 . 2 . . . 4 1 2 1 3 5 Leg 20 | . . . . . . 1 . 6 2 . . . 1 . . . . . . . . . . 10 Wheel 38 | 1 1 1 . 1 1 1 2 . 4 1 6 . 3 8 . . . . 6 . . . . 2 Hover 4 | . . . . . . . . . . . 1 . . . 1 . . . 2 . . . . . Flight 2 | . . . . . . . 2 . . . . . . . . . . . . . . . . . Utility 141 | 2 2 . 4 . 4 3 2 4 3 3 3 1 7 13 4 . 2 6 6 3 4 14 27 24 Device 69 | 1 . . 2 . 1 1 . 3 1 3 . . 4 6 1 . 1 3 3 2 3 4 17 13 Storage 11 | 1 2 . . . 1 . . . . . 1 . . 1 . . . . . . . 1 3 1 Processor 15 | . . . . . . 1 . . 1 . . . 1 3 1 . . . . . 1 . 2 5 Hackware 8 | . . . . . . . . 1 . . . . . 2 . . . . 2 1 . 2 . . Protection 36 | . . . 2 . 2 1 2 . 1 . 2 1 2 1 2 . 1 3 1 . . 5 5 5 Artifact 2 | . . . . . . . . . . . . . . . . . . . . . . 2 . . Weapon 105 | 2 2 . 2 1 5 3 9 13 3 5 3 2 5 2 4 . 2 . 9 4 1 5 13 10 Energy Gun 21 | . . . 2 . . . 1 8 2 1 1 2 . . . . . . 2 . . . 1 1 Energy Cannon 15 | . . . . . . . . . . . . . 1 1 2 . 1 . 3 2 1 1 2 1 Ballistic Gun 26 | 2 2 . . . 3 1 6 . 1 1 1 . 4 1 . . . . 2 . . . 1 1 Ballistic Cannon 15 | . . . . 1 . . . . . 1 . . . . 1 . . . 1 1 . 2 5 3 Launcher 11 | . . . . . 1 . 1 1 . . . . . . 1 . . . 1 . . . 3 3 Special Weapon 4 | . . . . . . . . . . . . . . . . . 1 . . . . 2 . 1 Impact Weapon 3 | . . . . . . . . 1 . 1 1 . . . . . . . . . . . . . Slashing Weapon 7 | . . . . . . 2 1 3 . . . . . . . . . . . . . . 1 . Piercing Weapon . | . . . . . . . . . . . . . . . . . . . . . . . . . Special Melee Weapon 3 | . . . . . 1 . . . . 1 . . . . . . . . . 1 . . . . Unidentified Prototypes 51 | . . . . . 1 . 3 . 2 . 2 . 1 1 . . . . 2 . 4 9 18 8 Corrupted Parts 1 | . . . . . . . . . . . 1 . . . . . . . . . . . . . System Corruption 2 | . . . . . . . . . . . 2 . . . . . . . . . . . . . Parts Lost 98 | . . 1 4 . 9 3 1 12 4 . 3 . 12 6 1 . 1 1 10 . . . 7 23 Power 13 | . . 1 . . 2 . . 1 1 . . . 1 . . . . . . . . . 3 4 Propulsion 31 | . . . 1 . 3 2 1 3 2 . 1 . 8 2 . . . . 3 . . . . 5 Utility 30 | . . . 1 . 4 1 . 1 . . 2 . 3 3 . . . . 3 . . . 3 9 Weapon 24 | . . . 2 . . . . 7 1 . . . . 1 1 . 1 1 4 . . . 1 5 Highest Loss Streak 8 | . . 1 2 . 5 2 1 4 3 . 2 . 8 2 1 . 1 1 3 . . . 2 7 To Critical Strikes 6 | . . . . . 4 . . . . . . . . . . . . . . . . . . 2 Average Backups 17 | 3 7 9 19 24 18 14 14 14 15 14 15 14 17 18 18 19 18 18 18 18 17 17 17 20 Power . | . 1 . 1 2 2 . . . . . . . 1 2 1 1 1 1 . . . . . 1 Propulsion 2 | 1 3 3 4 5 4 . 1 2 2 4 4 4 4 2 3 5 5 4 3 3 1 1 . 1 Utility 7 | . . 3 6 9 7 8 7 5 5 4 4 5 6 6 6 6 6 7 8 8 9 9 8 7 Weapon 5 | . 2 2 4 6 4 5 5 6 6 5 5 5 4 5 5 5 4 4 5 5 6 4 5 7 Tool/Special . | . . . . . . . . . . . . . . . . . . . . . . . . . Unused Backups 97 | . 3 . 5 2 19 2 4 1 . . . . 13 2 5 . . 2 4 6 1 2 4 22 Power 19 | . . . 1 . 5 . . . . . . . 6 2 1 . . . 2 . . . . 2 Propulsion 22 | . . . 1 1 2 . . . . . . . 2 . 2 . . 1 1 2 . . . 10 Utility 40 | . . . 1 1 7 2 4 1 . . . . 4 . 2 . . 1 1 4 1 2 4 5 Weapon 13 | . 3 . 2 . 4 . . . . . . . . . . . . . . . . . . 4 Tool/Special 3 | . . . . . 1 . . . . . . . 1 . . . . . . . . . . 1 Average Slot Usage (%) 87 | . 99 100 99 100 98 98 99 85 93 97 95 98 78 88 88 88 86 87 90 82 78 81 75 85 Engine 4 | . 14 14 11 11 10 11 9 5 2 7 7 7 7 . . . . . . . 2 . . . Core 3 | . . . . . . . . . 3 . . . . 4 5 5 5 5 9 9 8 5 8 6 Reactor 2 | . . . . . . . . . . . . . . . . . . . . . . 10 6 9 Treads 10 | . 12 10 12 11 17 5 10 18 . . . . 3 . 8 11 11 11 6 15 15 13 12 8 Leg 1 | . . . . . . 8 . 3 19 . . . . . . . . . . . . . . 3 Wheel 10 | . 15 17 20 22 14 17 15 . 5 28 27 30 26 20 4 . . . 7 . . . . . Device 11 | . 14 14 6 11 11 10 . 5 . 14 9 7 6 20 16 17 17 17 13 14 12 12 14 19 Storage 8 | . 14 14 11 11 11 11 9 9 9 7 10 15 10 6 7 11 11 9 5 8 8 4 4 6 Processor 6 | . . . . . . 9 9 9 9 7 4 . 4 7 9 11 11 11 10 9 8 8 7 11 Hackware 1 | . . . . . . . . 1 . . . . . . 6 . . . 5 4 4 4 1 . Protection 5 | . . . 15 11 10 1 9 2 8 . 4 6 6 3 4 5 5 5 5 4 4 4 5 5 Energy Gun 3 | . . . 6 14 8 . 1 16 8 7 9 11 . . 1 . . . 1 . . . . . Energy Cannon 2 | . . . . . . . . . . . . . . . 6 5 3 4 7 4 8 8 4 4 Ballistic Gun 7 | . 27 28 15 . 8 8 25 6 . 5 7 1 4 20 11 11 15 11 7 3 . . 2 . Ballistic Cannon 2 | . . . . 7 . . . . . . 6 6 . . . . . . 2 4 4 2 4 7 Slashing Weapon 1 | . . . . . . 6 8 2 26 7 . . . . . . . . . . . . . . Peak Build Rating 300 | 7 8 8 19 19 35 58 62 59 56 60 80 64 78 94 120 118 124 128 127 150 168 208 289 300 Average Rating 112 | 4 7 7 14 18 22 50 54 50 50 56 62 62 64 75 108 118 119 119 116 138 151 196 251 249 On Entrance 79 | . 7 8 8 19 18 35 55 57 55 52 60 59 54 39 86 118 118 120 121 127 147 168 206 254 Avg Prop Armor Cover (%) 9 | 12 11 11 8 8 10 7 8 10 12 . . . 10 . . . . . 7 . . 7 7 7 Naked Turns . | . . . . . . . . . . . . . . . . . . . . . . . . . Heaviest Build 235 | 14 89 20 101 102 102 98 110 104 103 108 115 130 134 129 132 129 135 143 166 186 211 235 232 191 Greatest Support 300 | 10 20 26 26 26 66 26 60 60 39 40 40 40 40 40 130 130 130 130 168 197 230 235 300 300 Greatest Overweight (x) 37 | 1 4 1 3 3 8 9 8 8 9 3 3 3 13 9 3 . 1 1 15 . . 1 1 37 Average Overweight (x) 1 | . 1 . 2 3 3 4 4 1 2 2 2 2 2 2 . . . . 4 . . . . . Largest Inventory Capacity 25 | 8 25 10 25 25 25 25 25 25 25 25 25 25 25 25 25 25 25 25 25 25 25 25 25 25 Average Capacity 23 | 7 10 10 23 25 22 25 25 25 25 25 25 25 25 25 25 25 25 25 25 25 25 25 25 25 Most Carried 25 | 6 11 10 25 25 25 25 25 25 25 25 25 25 25 25 25 25 25 25 25 25 25 25 25 25 Average Carried 22 | 3 7 9 19 24 20 23 24 24 24 24 24 24 23 24 24 25 24 24 24 24 24 24 24 23 Final Capacity 25 | 8 10 10 25 25 25 25 25 25 25 25 25 25 25 25 25 25 25 25 25 25 25 25 25 25 Final Carried 25 | 5 10 10 25 25 25 25 25 25 25 25 25 24 25 25 25 25 25 25 25 25 25 25 20 23 Class Distribution -------------------- 21% | Scavenger-Mutant 19% | Generator-Tank 17% | Scavenger-Tank 12% | Scavenger-Gunner 11% | Mutant 7% | Tank 5% | Gunner 4% | Generator-Gunner Dominant Class ---------------- Mutant | -10/Materials Mutant | -10/Mines Scavenger-Mutant | -9/Materials Scavenger-Mutant | -9/Mines Mutant | -9/Exiles Scavenger-Mutant | -8/Mines Gunner | -8/Materials Scavenger-Gunner | -8/Garrison Scavenger-Mutant | -8/Materials Scavenger-Mutant | -7/Factory Scavenger-Gunner | -7/Storage Scavenger-Tank | -7/Recycling Scavenger-Mutant | -7/Scraptown Scavenger-Tank | -5/Factory Scavenger-Tank | -5/Garrison Scavenger-Tank | -5/Factory Scavenger-Tank | -5/DSF Scavenger-Tank | -5/Garrison Tank | -4/Factory Tank | -3/Research Scavenger-Tank | -2/Research Generator-Tank | -2/Quarantine Generator-Tank | -2/Protoforge Generator-Tank | -1/Access Resources | -11 -10 -10 -9 -9 -9 -8 -8 -8 -8 -7 -7 -7 -7 -5 -5 -5 -5 -5 -4 -3 -2 -2 -2 -1 ----------- Run | Yrd Mat Min Mat Min Exi Min Mat Gar Mat Fac Sto Rec Scr Fac Gar Fac DSF Gar Fac Res Res Qua Frg Acc Matter Collected 21755 | 294 214 97 608 37 967 265 1490 717 216 188 472 70 1256 909 410 . 43 499 544 518 168 803 6670 4300 Remotely 6254 | . . . . . . . . . . . . . . . . . . . . . . . 3341 2913 Salvage Created 40976 | 111 287 94 960 127 577 281 2253 1112 955 345 625 395 1969 1534 1247 . 70 1292 2771 1206 285 2577 8215 11688 Parts 1631 | 7 18 5 44 7 68 19 138 49 46 17 23 2 96 71 47 . 4 67 129 53 13 83 239 386 Haulers Intercepted 21 | . 1 . 4 . . . 6 . 2 1 2 . . 2 . . . . 2 . . . . 1 Recyclers Shooed 17 | . . . 5 1 . . . . 1 . 2 . . . . . . . . 4 . . . 4 Parts Field Recycled . | . . . . . . . . . . . . . . . . . . . . . . . . . Retrieved Matter . | . . . . . . . . . . . . . . . . . . . . . . . . . Parts Self-Destructed . | . . . . . . . . . . . . . . . . . . . . . . . . . Prevented . | . . . . . . . . . . . . . . . . . . . . . . . . . Parts Restored 7 | . . . . . . . . . . . . . . . . . . . . . . . 7 . Faulty 7 | . . . . . . . . . . . . . . . . . . . . . . . 7 . Kills | -11 -10 -10 -9 -9 -9 -8 -8 -8 -8 -7 -7 -7 -7 -5 -5 -5 -5 -5 -4 -3 -2 -2 -2 -1 ------- Run | Yrd Mat Min Mat Min Exi Min Mat Gar Mat Fac Sto Rec Scr Fac Gar Fac DSF Gar Fac Res Res Qua Frg Acc Combat Hostiles Destroyed 597 | . 7 2 8 . 6 7 34 25 9 4 6 . 27 17 13 . 1 26 35 9 3 28 141 189 Melee 12 | . . . . . . . . 1 9 2 . . . . . . . . . . . . . . Guns 145 | . 7 2 7 . 1 1 34 20 . 2 5 . 26 14 5 . . 9 1 3 . . 8 . Cannons 139 | . . . . . . . . . . . 1 . . . 5 . 1 5 9 3 1 11 38 65 AOE 173 | . . . . . 5 6 . 2 . . . . . 2 . . . 9 14 . . 6 42 87 Classes Destroyed 38 | 2 3 . 3 2 3 . 4 2 1 . . . 6 . . . . 2 . . . 3 4 3 Worker 34 | . . . . 1 . . 1 . 8 . 3 . . 3 . . . . 6 1 1 2 5 3 Builder 34 | . . . . 1 . . 5 . 1 2 . 1 . 3 . . . . 3 4 . 4 5 5 Tunneler 10 | 2 . . . . . 2 . . . . . . . 1 . . . . 3 . 1 . . 1 Hauler 21 | . 1 . 4 . . . 6 . 2 1 2 . . 2 . . . . 2 . . . . 1 Recycler 29 | 1 . . 4 1 . 1 2 . 2 1 2 4 . . . . . . 2 4 . 1 . 4 Carrier 1 | . . . . . . . . . . . . . . . . . . . . . . . . 1 Mechanic 24 | . . . . . . . 1 . 2 . . . . . . . . . . . . . 4 17 Operator 10 | . . . . . . . 2 . 1 1 . . . . . . . . . 1 . 4 1 . Drone 14 | . . . . . . . . . 1 . . . . . . . . . . . . . 13 . Turret 1 | . . . . . 1 . . . . . . . . . . . . . . . . . . . Watcher 11 | . . . 2 . . . 4 . . . . . . 3 . . . . . . . . 1 1 Swarmer 43 | . 2 . . . . 6 7 . . . 2 . . . . . . 7 5 3 . 5 5 1 Cutter 7 | . . . . . . . . . . . . . . . . . . 4 3 . . . . . Saboteur 12 | . . . . . . . . . . . . . . . . . . . . . . . 4 8 Grunt 215 | . 5 2 5 . . . 15 12 6 4 . . . 12 8 . . 9 16 1 1 3 38 78 Brawler 23 | . . . 1 . . . 1 1 . . . . . . . . . . . . . . 7 13 Duelist 29 | . . . . . . . 1 3 . . . . . . . . . . . . . . 9 16 Protector 14 | . . . . . . . . . . . . . . . . . . . . . . . 5 9 Researcher 5 | . . . . . . . . . . . . . . . . . . . . . . 2 3 . Sentry 34 | . . . 2 . . . 7 3 1 . 2 . . 1 1 . . . . 3 1 3 6 4 Specialist 7 | . . . . . . . . 3 . . . . . 2 . . 1 . . . . . 1 . Hunter 47 | . . . . . . . 3 . 1 . . . . . 4 . . . 6 . . 2 18 13 Programmer 63 | . . . . . . . . 3 . . 1 . . 2 . . . 5 5 1 1 13 8 24 Q-Series 6 | . . . . . . . . . . . . . . . . . . . . . . . 2 4 Behemoth 3 | . . . . . . . . . . . . . . . . . . 1 . 1 . . 1 . Hotshot 10 | . . . . . . . . . . . . . . . . . . . . . . . 10 . Decapitator 9 | . . . . . . . . . . . . . . . . . . . . . . . 9 . Immortal 4 | . . . . . . . . . . . . . . . . . . . . . . . 4 . Investigator 4 | . . . . . . . . . . . . . . . . . . . . . . . . 4 Striker 9 | . . . . . . . . . . . . . . . . . . . . . . . . 9 Executioner 10 | . . . . . . . . . . . . . . . . . . . . . . . . 10 Alpha 7 1 | . . . . . . . . . . . . . . . . . . . . . . 1 . . Fortress 1 | . . . . . . . . . . . . . . . . . . . . . . 1 . . V-Series 5 | . . . . . . . . . . . . . . . . . . . . . . . 5 . Bolteater 1 | . . . . . . . . . . . . . 1 . . . . . . . . . . . Federalist 1 | . . . . . . . . . . . . . 1 . . . . . . . . . . . Explorer 2 | . . . . . . . . . . . . . 2 . . . . . . . . . . . Guru 4 | . . . . . . . . . . . . . 4 . . . . . . . . . . . Scrapper 11 | . . . . . . . . . . . . . 11 . . . . . . . . . . . Elite 7 | . . . . . . . . . . . . . 7 . . . . . . . . . . . Zionite 7 | . . . . . 7 . . . . . . . . . . . . . . . . . . . Assembled 5 | . . . . . 5 . . . . . . . . . . . . . . . . . . . Best Kill Streak 44 | 3 4 1 3 2 7 8 7 3 4 2 4 2 8 6 5 . 1 12 11 4 2 6 17 44 Combat Bots Only 36 | . 4 1 3 . 5 6 5 3 2 1 3 . 8 5 5 . 1 12 9 3 2 5 15 36 Max Kills in Single Turn 6 | 1 1 1 1 1 4 3 3 1 1 1 1 1 2 3 1 . 1 2 5 2 1 4 5 6 Gunslinging 2 | . . . . . . . 2 . . . . . . . . . . . . . . . . . Exploded 6 | . . . . . 4 3 . 1 . . . . . 2 . . . 2 5 . . 2 5 6 Melee 1 | . . . . . . . . 1 1 1 . . . . . . . . . . . . . . Uniques/NPCs Destroyed 8 | . . . . . 4 1 . . . . 1 . 2 . . . . . . . . . . . 8R-AWN (-9/Exiles) EX-BIN (-9/Exiles) EX-HEX (-9/Exiles) EX-DEC (-9/Exiles) 12-ASH (-8/Mines) 01-MTF (-7/Storage) Triborg (-7/Scraptown) Optimus (-7/Scraptown) Combat | -11 -10 -10 -9 -9 -9 -8 -8 -8 -8 -7 -7 -7 -7 -5 -5 -5 -5 -5 -4 -3 -2 -2 -2 -1 -------- Run | Yrd Mat Min Mat Min Exi Min Mat Gar Mat Fac Sto Rec Scr Fac Gar Fac DSF Gar Fac Res Res Qua Frg Acc Hostile Shots Fired 2634 | . 36 13 52 . 100 40 91 211 54 9 87 . 154 59 58 . 25 85 205 56 8 148 474 669 Missed 722 | . 8 1 10 . 10 12 25 70 9 5 26 . 41 22 22 . 8 22 76 22 1 43 116 173 Hits 1912 | . 28 12 42 . 90 28 66 141 45 4 61 . 113 37 36 . 17 63 129 34 7 105 358 496 Melee 52 | . . . 1 . . 16 1 5 . . . . . . . . . 5 5 . . . 8 11 Projectile 1860 | . 28 12 41 . 90 12 65 136 45 4 61 . 113 37 36 . 17 58 124 34 7 105 350 485 AOE 31 | . . 2 . . . . . . . . 1 . . . . . . 1 1 . . . 2 24 Critical Strikes 139 | . . . 1 . 45 4 3 3 1 . . . 9 1 1 . . . 14 2 . 8 23 24 Actively Blocked 2 | . . . . . . . . . . . . . . . . . . . . . . . 2 . Part Disruptions 8 | . . . . . . . . . . . 4 . 1 . . . . . . . . 1 2 . Damage Taken 32525 | . 326 198 512 . 1249 735 948 2205 624 58 817 . 1455 617 878 . 282 1392 2662 602 79 1257 8148 7481 Core 3032 | . 66 12 66 . 124 202 52 344 115 . 61 . 141 80 87 . 26 101 55 59 . 215 802 424 Absorbed by Shields 14035 | . . . 20 . 336 167 . . . . . . 496 139 . . . . . 193 81 1136 4289 7178 Reduced by Siege Mode 1914 | . . . . . . . . . . . . . . . . . . 90 31 . 7 103 940 743 Redirected to Core 370 | . . . . . . . . . . . . . . . . . . . . . . 159 211 . Redirected to Shielding 409 | . . . . . . . . . . . . . . . . . . . . . . 15 394 . Ignored by Resistances 312 | . . . . . . . . . . . . . 312 . . . . . . . . . . . Regen/Repaired (Parts) 1647 | . 97 . 85 . . . 99 . . . . . . . . . . . . . . . 1060 306 Core Remaining (%) 60 | 100 . 68 . . . 2 . . 7 . . . 71 . . . . 70 95 95 . . 27 73 Volleys Fired 1775 | 6 33 6 74 5 117 14 98 66 9 11 43 2 59 74 142 3 5 88 101 68 12 125 306 308 Largest 4 | 2 2 2 2 2 2 1 3 3 1 2 3 1 1 4 4 1 4 3 3 3 2 3 3 3 Hottest 426 | 40 40 40 112 89 79 33 116 195 65 91 141 40 250 250 257 113 203 250 255 250 176 426 400 320 Shots Fired 2774 | 12 66 12 148 10 182 14 290 174 10 20 74 2 58 262 185 3 12 144 136 87 18 156 341 358 Gun 1526 | 12 66 12 148 5 178 10 288 172 10 20 64 . 56 254 49 . 7 69 34 24 . 2 46 . Cannon 1075 | . . . . 5 . . . . . . 10 2 2 8 130 3 5 62 84 63 18 140 273 270 Launcher 156 | . . . . . 4 4 2 2 . . . . . . 6 . . 13 18 . . 1 18 88 Special 17 | . . . . . . . . . . . . . . . . . . . . . . 13 4 . Kinetic 1556 | 12 66 12 120 5 163 10 277 95 . 11 45 2 56 254 37 . 6 69 31 36 4 13 144 88 Thermal 918 | . . . 28 5 15 . 11 77 10 9 27 . 2 8 118 3 5 62 45 40 2 93 175 183 Explosive 95 | . . . . . 4 4 2 2 . . . . . . . . . . 1 . . 1 18 63 Electromagnetic 188 | . . . . . . . . . . . 2 . . . 30 . 1 13 59 11 12 36 . 24 Robot Hit Streak 49 | 4 7 3 18 3 29 9 14 16 7 4 6 . 12 11 28 . 37 38 30 11 6 19 32 49 Robot Miss Streak 12 | 2 5 3 4 2 5 1 4 4 6 4 5 . 5 9 3 . . 3 4 4 1 3 12 4 Penetration Max 3 | . . . . . 1 . . . . 1 . . . . 2 . . . . . . . 3 2 Secondary Targets 20 | . 1 . 1 . . . 10 5 . . . . . 3 . . . . . . . . . . Max Gunslinging Chain 2 | . 1 . 1 . . . 2 1 . . . . . 1 . . . . . . . . . . Shots Hit Robots 1778 | 7 43 6 105 5 140 23 154 118 53 22 42 8 57 130 65 . 8 65 90 49 12 86 235 255 Core Hits 1620 | 3 18 4 32 3 40 14 89 48 25 9 17 1 48 66 35 . 2 47 84 23 4 73 431 504 Critical Kills 69 | 1 . . 1 . 2 . 1 . . 1 . . . . 2 . . . 2 1 . 1 16 41 Critical Parts Destroyed 66 | . . . . . 3 . 1 1 . 1 3 . . . 3 . . . . . . . 11 43 Critical Strikes 175 | 1 . . 3 . 7 2 2 4 6 2 8 . . . 8 . . . 3 1 1 3 36 88 Burn 11 | . . . 2 . 1 . . 3 1 . 3 . . . . . . . 1 . . . . . Meltdown 26 | . . . . . . . . . . . . . . . 1 . . . 1 1 . 1 4 18 Destroy 113 | 1 . . 1 . 6 . 2 . . . 2 . . . 7 . . . 1 . . . 23 70 Blast 11 | . . . . . . . . . . . 1 . . . . . . . . . . 1 9 . Corrupt 2 | . . . . . . . . . . . . . . . . . . . . . 1 1 . . Smash 5 | . . . . . . . . 1 . 2 2 . . . . . . . . . . . . . Sever 7 | . . . . . . 2 . . 5 . . . . . . . . . . . . . . . Melee Attacks 178 | . . . . . 4 24 . 38 67 19 9 11 2 . . . . . . 4 . . . . Impact 52 | . . . . . . . . 24 . 11 8 9 . . . . . . . . . . . . Slashing 111 | . . . . . . 23 . 14 67 7 . . . . . . . . . . . . . . Piercing . | . . . . . . . . . . . . . . . . . . . . . . . . . Sneak Attacks 48 | . . . . . 4 2 . . 19 6 6 7 2 . . . . . . 2 . . . . Combat Hostiles 2 | . . . . . . . . . 2 . . . . . . . . . . . . . . . Follow-up Attacks 14 | . . . . . . . . . 13 1 . . . . . . . . . . . . . . Damage Inflicted 117867 | 97 497 82 1318 90 2408 1041 2700 2734 2476 866 1322 610 2961 3156 2547 . 237 2536 4732 2186 611 4681 31293 46686 Guns 19851 | 97 497 82 1318 69 2140 215 2668 2078 56 215 648 . 2791 2736 917 . 118 958 430 748 . 87 983 . Cannons 33925 | . . . . 21 . . . . . . 127 . 22 184 1478 . 119 670 2309 1333 552 2902 11355 12853 Explosions 58701 | . . . . . 268 300 32 246 . . . . 148 236 152 . . 908 1993 92 . 1590 18903 33833 Melee 5164 | . . . . . . 526 . 410 2420 651 547 610 . . . . . . . . . . . . Ramming 226 | . . . . . . . . . . . . . . . . . . . . 13 59 102 52 . Kinetic 25587 | 97 497 82 977 21 1989 215 2569 1332 . 131 450 . 2791 2736 538 . 82 958 515 1400 185 434 6532 1056 Thermal 36270 | . . . 341 69 151 . 99 746 56 84 310 . 170 420 1132 . 119 880 1290 518 . 3264 14728 11893 Explosive 41918 | . . . . . 268 300 32 246 . . . . . . . . . . 677 . . . 9981 30414 Electromagnetic 8702 | . . . . . . . . . . . 15 . . . 877 . 36 698 2250 255 367 881 . 3323 Impact 1971 | . . . . . . . . 410 . 404 547 610 . . . . . . . . . . . . Slashing 3193 | . . . . . . 526 . . 2420 247 . . . . . . . . . . . . . . Piercing . | . . . . . . . . . . . . . . . . . . . . . . . . . Highest Corruption 40 | . 1 1 . . . . 2 4 4 . 5 5 2 1 3 3 4 9 2 5 . 6 40 29 Average Corruption 9 | . 1 1 . . . . 2 2 4 . 4 5 1 1 1 3 3 6 2 3 . 2 18 21 Corruption Purged 2 | . . . . . . . . 2 . . . . . . . . . . . . . . . . Corruption Blocked . | . . . . . . . . . . . . . . . . . . . . . . . . . Effects 464 | . . 4 . . . . 3 30 19 . 7 8 1 3 12 3 2 25 10 19 . 18 150 150 Message Errors 107 | . . . . . . . 1 8 3 . 3 . . . 5 . 1 9 . 7 . 5 34 31 Matter Fused 101 | . . . . . . . 1 7 4 . 2 5 . . 3 . . 3 1 5 . 6 30 34 Heat Flow Errors 47 | . . 1 . . . . . 4 3 . . 1 . . 2 . . 3 2 1 . 1 14 15 Energy Discharges 59 | . . 1 . . . . . 5 4 . . 1 . 1 1 2 . 2 . 3 . 2 20 17 Parts Rejected 6 | . . . . . . . . . . . . . . . . . . 1 1 . . . 3 1 Parts Fused 4 | . . . . . . . . 1 . . . . . . . . . . . . . . . 3 Data Loss (minor) 54 | . . 2 . . . . . 3 1 . 1 1 . . . . . 2 4 1 . 2 17 20 Data Loss (major) 29 | . . . . . . . . 2 2 . . . . 1 1 1 . 1 . 1 . 1 7 12 Misfires 17 | . . . . . . . . . 1 . 1 . . . . . . 1 1 1 . . 8 4 Alerts 10 | . . . . . . . 1 . 1 . . . . 1 . . 1 2 1 . . . 1 2 Weapon Failures 30 | . . . . . . . . . . . . . 1 . . . . 1 . . . 1 16 11 Overload Shots . | . . . . . . . . . . . . . . . . . . . . . . . . . Overflow Damage 6487 | . . . . . 23 84 . 47 279 81 427 375 5 . 46 . . 28 238 173 69 103 1794 2715 Projectiles 2594 | . . . . . . . . . . . . . . . 46 . . 23 87 173 58 56 1136 1015 Explosions 2562 | . . . . . 23 . . . . . . . 5 . . . . 5 151 . . 20 658 1700 Melee 1331 | . . . . . . 84 . 47 279 81 427 375 . . . . . . . . 11 27 . . Knockbacks 76 | . . . . . . . . 1 . . 3 2 . . . . . . 1 2 . 1 33 33 Impact 6 | . . . . . . . . 1 . . 3 2 . . . . . . . . . . . . Kinetic 63 | . . . . . . . . . . . . . . . . . . . 1 2 . 1 28 31 Secondary 7 | . . . . . . . . . . . . . . . . . . . . . . . 5 2 Self-Inflicted Damage 2979 | . . . . . . 74 . 42 . . . . 21 . . . . 85 275 10 . 142 996 1334 Shots 141 | . . . . . . 2 . 2 . . . . 2 . . . . 6 8 1 . 14 91 15 Rammed 9 | . . . . . . . . . . . . . . . . . . . . 1 2 1 5 . Targets Rammed 10 | . . . . . . . . . . . . . . . . . . . . 1 2 2 5 . Kicked . | . . . . . . . . . . . . . . . . . . . . . . . . . Crushed 1 | . . . . . . . . . . . . . . . . . . . . . . 1 . . Highest Temperature 1100 | . 6 158 204 78 105 4 360 400 267 27 229 142 331 232 294 . 24 245 303 209 34 269 1100 441 Average Temperature 84 | . 3 68 61 38 35 2 65 100 69 11 72 81 130 69 99 . 15 78 96 48 13 112 146 77 Received Heat Transfer 4953 | . 108 74 207 . 28 . 360 486 189 36 87 . 358 158 66 . 72 261 325 16 12 114 1578 418 Effects 20 | . . . . . . . 1 . . . 1 . 1 . . . . . . . . . 14 3 Shutdowns 9 | . . . . . . . . . . . . . . . . . . . . . . . 6 3 Energy Bleed 5 | . . . . . . . . . . . 1 . . . . . . . . . . . 4 . Matter Decay 2 | . . . . . . . 1 . . . . . 1 . . . . . . . . . . . Short Circuit 1 | . . . . . . . . . . . . . . . . . . . . . . . 1 . Damage (minor) 2 | . . . . . . . . . . . . . . . . . . . . . . . 2 . Damage (core) 1 | . . . . . . . . . . . . . . . . . . . . . . . 1 . Siege Activations 26 | . . . . . . . . . . . . . . . . . 1 5 2 . 1 2 7 8 Total Turns 1069 | . . . . . . . . . . . . . . . . . 1 52 42 . 9 35 206 724 Longest Duration 321 | . . . . . . . . . . . . . . . . . 1 21 30 . 9 31 46 321 Martial Activations . | . . . . . . . . . . . . . . . . . . . . . . . . . Shielding Activations . | . . . . . . . . . . . . . . . . . . . . . . . . . Robots Disrupted 3 | . . . . . . . . . . . . . . . 1 . . . . . 2 . . . Combat Hostiles 3 | . . . . . . . . . . . . . . . 1 . . . . . 2 . . . Robots Corrupted 45 | . . . . . . . . 2 . . 3 2 . . 2 . . 2 10 2 2 3 . 17 Combat Hostiles 38 | . . . . . . . . 2 . . . . . . 2 . . 2 10 2 2 2 . 16 Parts Fried 110 | . . . . . . . . 1 . 2 2 9 . . 11 . . 4 18 3 3 16 . 41 Impact Corruptions 27 | . . . . . . . . 3 . 2 8 9 . . . . . . . . 1 1 3 . Robots Melted 97 | . . . 1 . . . . . . . . . 1 1 1 . . 1 2 2 . 10 55 23 Combat Hostiles 89 | . . . 1 . . . . . . . . . 1 1 1 . . 1 1 1 . 9 52 21 Parts Melted 317 | . . . 1 . . . . 4 . . 1 . 7 6 . . . 4 13 3 . 53 151 74 Heat Transferred 86740 | . . . 888 148 407 . 222 1961 185 185 888 . 790 1480 1099 . 111 1338 2521 967 . 11312 55488 6750 Parts Sabotaged 3 | . . . . . . . . . . . . . . . . . . . . . . . . 3 Parts Stolen . | . . . . . . . . . . . . . . . . . . . . . . . . . Parts Stripped . | . . . . . . . . . . . . . . . . . . . . . . . . . Power Chain Reactions 16 | . . . . . . . . . . . . . . . 3 . . 1 6 . . . . 6 Alert | -11 -10 -10 -9 -9 -9 -8 -8 -8 -8 -7 -7 -7 -7 -5 -5 -5 -5 -5 -4 -3 -2 -2 -2 -1 ------- Run | Yrd Mat Min Mat Min Exi Min Mat Gar Mat Fac Sto Rec Scr Fac Gar Fac DSF Gar Fac Res Res Qua Frg Acc Maximum Alert Level 5 | . . . . . . . 2 5 3 1 . . . 1 2 1 . 3 4 3 2 2 5 5 Low Security (%) 31 | 100 100 100 100 100 . 100 38 . . . 100 100 . 81 . 12 100 17 . . . 55 6 . Level 1 14 | . . . . . . . 25 3 . 100 . . . 18 78 87 . 10 . . 86 44 6 . Level 2 12 | . . . . . . . 36 15 38 . . . . . 21 . . 34 43 13 13 . 18 . Level 3 13 | . . . . . . . . 32 61 . . . . . . . . 38 20 86 . . 24 . Level 4 10 | . . . . . . . . 28 . . . . . . . . . . 36 . . . 20 18 Level 5 5 | . . . . . . . . 20 . . . . . . . . . . . . . . 23 4 High Security 12 | . . . . . . . . . . . . . . . . . . . . . . . . 77 Max Security . | . . . . . . . . . . . . . . . . . . . . . . . . . Sterilizations 1 | . . . . . . . . . . . . . . . . . . . . . . . . 1 Peak Influence 6913 | 10 88 45 71 5 . 153 574 1960 985 294 147 112 . 293 545 285 157 865 1458 783 431 406 2876 6913 Initial 1546 | . . 31 . . . . . 369 955 294 98 5 . . 199 285 128 117 453 713 431 155 56 1546 Average 1117 | 1 21 8 15 . . 40 270 1122 802 239 60 69 . 97 347 238 139 572 945 731 330 184 1164 4318 Influence Increases 19511 | 15 254 65 272 16 . 177 1197 1731 344 152 281 202 . 594 416 9 39 758 1508 416 156 1105 3815 5989 Destroy 0b10 Robot/C 11100 | . 140 40 160 . . 120 680 540 160 80 100 . . 340 260 . 20 520 700 180 60 600 2700 3700 Destroy 0b10 Robot/NC 1020 | 15 5 . 50 15 . 15 105 . 85 25 35 30 . 60 25 . . . 80 50 10 50 160 205 Destroy Leader 1594 | . 22 10 52 . . 10 190 20 24 12 34 . . 70 30 . . 30 124 60 30 80 312 484 Allied During Kill 168 | . . . . . . . . 3 . . . . . . . . . . . . . . 165 . Successful Hack 361 | . 42 . 9 . . . 68 . . 12 30 48 . 48 . 5 . 16 8 . 14 42 5 14 Select Force Hacks 210 | . 30 . . . . . . . . . . 120 . 30 . . . . 30 . . . . . Disable Machine 795 | . . . . . . . 45 . . 15 15 . . 30 . . . . 135 30 30 150 255 90 Anti-Garrison Action 1250 | . . . . . . . . 1050 . . . . . . . . . 50 150 . . . . . Destroy Structure 2548 | . . . 1 1 . 32 64 73 . 8 7 4 . 16 101 4 4 97 236 66 12 168 203 1451 Partial Spotted 15 | . . . . . . . . . . . . . . . . . . . 15 . . . . . Lose Combat Pursuer 450 | . 15 15 . . . . 45 45 75 . 60 . . . . . 15 45 30 30 . 15 15 45 Influence Decreases 12598 | 15 172 147 270 18 . 177 629 339 1655 585 482 180 37 309 156 370 66 50 1014 1008 646 1281 1338 1654 Entered New Map 4812 | . . 51 . 2 . . . 199 1005 355 118 10 37 . 86 260 56 40 412 646 336 122 45 1032 Time Decay 5459 | 15 172 96 250 16 . 177 477 . 310 230 334 170 . 259 . 110 . . 482 362 270 624 713 392 Lost Part 700 | . . . 20 . . . 10 120 40 . 30 . . 50 10 . 10 10 100 . . . 70 230 Lost Ally 660 | . . . . . . . . 20 . . . . . . 60 . . . 20 . 40 10 510 . Purge Threat 967 | . . . . . . . 142 . 300 . . . . . . . . . . . . 525 . . Squads Dispatched 119 | . 2 . 3 . . . 6 . . 4 1 . . 4 . . 1 . 15 6 2 6 26 43 Investigation 12 | . 1 . 1 . . . 2 . . . . . . 2 . . . . 3 1 . . . 2 Extermination 20 | . . . . . . . . . . 1 1 . . 1 . . . . 2 2 2 5 4 2 Reinforcement 25 | . 1 . 2 . . . 3 . . 3 . . . 1 . . 1 . 5 . . 1 6 2 Assault 58 | . . . . . . . 1 . . . . . . . . . . . 5 . . . 15 37 Garrison 4 | . . . . . . . . . . . . . . . . . . . . 3 . . 1 . Intercept . | . . . . . . . . . . . . . . . . . . . . . . . . . Searches Triggered . | . . . . . . . . . . . . . . . . . . . . . . . . . Unchained Authorized 3 | . . . . . . . . . . . . . . 1 . 1 . . 1 . . . . . Construction Impeded 9 | . . . . . . . 2 . . . . . . . . . . . 1 . . 1 3 2 Haulers Reinforced 3 | . . . . . . . . . . 1 . . . . . . . . 2 . . . . . Active Scanning Responses . | . . . . . . . . . . . . . . . . . . . . . . . . . Cargo Convoy Interrupts 1 | . . . . . . . . . . . . . . 1 . . . . . . . . . . Stealth | -11 -10 -10 -9 -9 -9 -8 -8 -8 -8 -7 -7 -7 -7 -5 -5 -5 -5 -5 -4 -3 -2 -2 -2 -1 --------- Run | Yrd Mat Min Mat Min Exi Min Mat Gar Mat Fac Sto Rec Scr Fac Gar Fac DSF Gar Fac Res Res Qua Frg Acc Distress Signals 19 | . 1 . 4 . . . 1 . 5 . . . . . . . . . 1 . . 2 4 1 Communications Jammed 105 | . . . . . . . . . . 1 6 . . 3 . . . . 40 12 16 . 27 . Distress Signals 100 | . . . . . . . . . . . 6 . . . . . . . 39 12 16 . 27 . Times Spotted 826 | . 13 21 11 . 21 7 44 29 24 5 29 . 42 20 13 . 4 27 37 17 8 44 179 231 Peak Tracking Total 18 | . 3 17 4 . 9 4 5 5 6 1 4 . 7 4 3 . 3 6 6 4 2 8 11 18 Tactical Retreats 37 | . 1 4 . . 8 . 1 2 4 . 4 . 1 . . . 1 2 2 2 . 1 1 3 Traps | -11 -10 -10 -9 -9 -9 -8 -8 -8 -8 -7 -7 -7 -7 -5 -5 -5 -5 -5 -4 -3 -2 -2 -2 -1 ------- Run | Yrd Mat Min Mat Min Exi Min Mat Gar Mat Fac Sto Rec Scr Fac Gar Fac DSF Gar Fac Res Res Qua Frg Acc Traps Triggered 27 | . 2 . . . . . 2 6 . . . . . . 1 . 2 2 . . . 1 7 4 Indirectly 1 | . . . . . . . . . . . . . . . . . . 1 . . . . . . Trap Hack Attempts . | . . . . . . . . . . . . . . . . . . . . . . . . . Triggered . | . . . . . . . . . . . . . . . . . . . . . . . . . Disarmed . | . . . . . . . . . . . . . . . . . . . . . . . . . Reprogrammed . | . . . . . . . . . . . . . . . . . . . . . . . . . Reused . | . . . . . . . . . . . . . . . . . . . . . . . . . Traps Extracted . | . . . . . . . . . . . . . . . . . . . . . . . . . Installed . | . . . . . . . . . . . . . . . . . . . . . . . . . Triggered . | . . . . . . . . . . . . . . . . . . . . . . . . . Machines | -11 -10 -10 -9 -9 -9 -8 -8 -8 -8 -7 -7 -7 -7 -5 -5 -5 -5 -5 -4 -3 -2 -2 -2 -1 ---------- Run | Yrd Mat Min Mat Min Exi Min Mat Gar Mat Fac Sto Rec Scr Fac Gar Fac DSF Gar Fac Res Res Qua Frg Acc Machines Disabled 101 | . . . . . 8 . 3 9 . 1 1 . 6 2 . . . 2 10 2 2 10 28 17 Max in Single Turn 4 | . . . . . 1 . 3 2 . 1 1 . 2 2 . . . 1 4 1 1 1 2 2 Garrison Access 10 | . . . . . . . . . . . 1 . . 1 . 1 . . 1 1 . 1 1 3 Garrison Relay 6 | . . . . . . . . 5 . . . . . . . . . 1 . . . . . . Phase Generator 1 | . . . . . . . . 1 . . . . . . . . . . . . . . . . Energy Cycler 2 | . . . . . . . . . . . . . . . . . . . . . . . . 2 Machines Repaired . | . . . . . . . . . . . . . . . . . . . . . . . . . Machines Dismantled . | . . . . . . . . . . . . . . . . . . . . . . . . . Machines Sabotaged . | . . . . . . . . . . . . . . . . . . . . . . . . . Overloaded Fab Kills . | . . . . . . . . . . . . . . . . . . . . . . . . . Hacking | -11 -10 -10 -9 -9 -9 -8 -8 -8 -8 -7 -7 -7 -7 -5 -5 -5 -5 -5 -4 -3 -2 -2 -2 -1 --------- Run | Yrd Mat Min Mat Min Exi Min Mat Gar Mat Fac Sto Rec Scr Fac Gar Fac DSF Gar Fac Res Res Qua Frg Acc Machines Accessed 90 | . 8 . 5 . 2 . 14 4 1 1 4 9 . 4 1 2 . 1 6 4 3 14 4 3 Terminals 57 | . 6 . 1 . . . 10 4 1 . 3 5 . 1 1 1 . 1 4 2 3 10 3 1 Fabricators 2 | . . . . . . . . . . . . . . . . . . . . 1 . . . 1 Repair Stations 5 | . 1 . 1 . . . 2 . . . . . . . . . . . 1 . . . . . Recycling Units 7 | . 1 . 2 . . . . . . . . 4 . . . . . . . . . . . . Scanalyzers 7 | . . . 1 . . . 1 . . 1 . . . 1 . . . . . . . 3 . . Garrison Access 10 | . . . . . . . 1 . . . 1 . . 2 . 1 . . 1 1 . 1 1 1 Total Hacks 226 | . 29 . 13 . 5 . 46 7 6 2 7 25 . 11 1 2 . 1 16 7 7 28 8 5 Successful 118 | . 15 . 7 . 5 . 24 . 2 1 4 14 . 9 . 2 . 1 4 4 2 16 4 4 Failed 107 | . 14 . 6 . . . 21 7 4 1 3 11 . 2 1 . . . 12 3 5 12 4 1 Catastrophic 28 | . 5 . 2 . . . 1 2 . . 2 2 . 1 . . . . 3 1 2 4 2 1 Database Lockouts 1 | . . . . . . . 1 . . . . . . . . . . . . . . . . . Manual 89 | . 14 . 4 . 1 . 18 . 6 . 2 16 . 2 . . . . 5 1 3 12 5 . Terminals 147 | . 25 . 2 . . . 35 7 6 . 5 14 . 2 1 1 . 1 12 3 7 19 6 1 Fabricators 5 | . . . . . . . . . . . . . . . . . . . . 3 . . . 2 Repair Stations 12 | . 2 . 4 . . . 4 . . . . . . . . . . . 2 . . . . . Recycling Units 17 | . 2 . 4 . . . . . . . . 11 . . . . . . . . . . . . Scanalyzers 21 | . . . 3 . . . 4 . . 2 . . . 4 . . . . . . . 8 . . Garrison Access 19 | . . . . . . . 3 . . . 2 . . 5 . 1 . . 2 1 . 1 2 2 Terminal Hacks 48 | . 11 . . . 5 . 12 . 2 . 2 2 . 1 . 1 . 1 2 . 2 6 1 . Record 6 | . . . . . 4 . . . . . . . . . . . . . . . . 2 . . Part Schematic 5 | . 1 . . . . . . . . . . 2 . . . . . . . . . 2 . . Robot Schematic 1 | . 1 . . . . . . . . . . . . . . . . . . . . . . . Robot Analysis 4 | . 2 . . . . . 2 . . . . . . . . . . . . . . . . . Prototype ID Bank 5 | . 2 . . . . . 3 . . . . . . . . . . . . . . . . . Open DSF 1 | . . . . . . . . . . . . . . . . 1 . . . . . . . . Level Access Points 1 | . . . . . . . . . . . . . . . . . . . 1 . . . . . Branch Access Points 3 | . . . . . . . 1 . . . 1 . . . . . . . . . 1 . . . Terminal Index 1 | . . . . . . . 1 . . . . . . . . . . . . . . . . . Unreport Threat 4 | . . . . . . . 1 . 2 . . . . . . . . . . . . 1 . . Locate Traps 3 | . 1 . . . . . . . . . 1 . . 1 . . . . . . . . . . Recall Reinforcements 1 | . 1 . . . . . . . . . . . . . . . . . . . . . . . Hauler Manifests 2 | . 1 . . . . . 1 . . . . . . . . . . . . . . . . . Registered Components 1 | . . . . . . . 1 . . . . . . . . . . . . . . . . . Zone Layout 7 | . 2 . . . . . 2 . . . . . . . . . . . 1 . 1 1 . . Security Stations 1 | . . . . . . . . . . . . . . . . . . 1 . . . . . . Proto ID Catalog 2 | . . . . . 1 . . . . . . . . . . . . . . . . . 1 . Fabricator Hacks 4 | . . . . . . . . . . . . . . . . . . . . 2 . . . 2 Network Status 1 | . . . . . . . . . . . . . . . . . . . . 1 . . . . Load Schematic 2 | . . . . . . . . . . . . . . . . . . . . 1 . . . 1 Build 1 | . . . . . . . . . . . . . . . . . . . . . . . . 1 Repair Station Hacks 7 | . 2 . 2 . . . 3 . . . . . . . . . . . . . . . . . Scan Component 4 | . 1 . 1 . . . 2 . . . . . . . . . . . . . . . . . Repair 3 | . 1 . 1 . . . 1 . . . . . . . . . . . . . . . . . Recycling Unit Hacks 8 | . 1 . 2 . . . . . . . . 5 . . . . . . . . . . . . Report Inventory 6 | . 1 . 2 . . . . . . . . 3 . . . . . . . . . . . . Retrieve Components 2 | . . . . . . . . . . . . 2 . . . . . . . . . . . . Scanalyzer 11 | . . . . . . . 2 . . 1 . . . 3 . . . . . . . 5 . . Insert Component 4 | . . . . . . . 1 . . 1 . . . 1 . . . . . . . 1 . . Analyze 2 | . . . . . . . 1 . . . . . . 1 . . . . . . . . . . Retrieve Study 5 | . . . . . . . . . . . . . . 1 . . . . . . . 4 . . Garrison Access Hacks 15 | . . . . . . . 1 . . . 2 . . 4 . 1 . . 1 1 . 1 2 2 Unlock Access 3 | . . . . . . . 1 . . . . . . 1 . . . . 1 . . . . . Seal Access 7 | . . . . . . . . . . . 1 . . 1 . 1 . . . 1 . 1 1 1 Coupler Status 5 | . . . . . . . . . . . 1 . . 2 . . . . . . . . 1 1 Unauthorized Hacks 25 | . 1 . 3 . . . 6 . . . . 7 . 1 . . . . 1 1 . 4 1 . Terminals 16 | . . . 2 . . . 6 . . . . 3 . . . . . . . . . 4 1 . Track 2 | . . . . . . . . . . . . . . . . . . . . . . 2 . . Assimilate 1 | . . . . . . . . . . . . . . . . . . . . . . 1 . . Botnet 7 | . . . 1 . . . 2 . . . . 2 . . . . . . . . . 1 1 . Operators 2 | . . . . . . . 2 . . . . . . . . . . . . . . . . . Skim 4 | . . . 1 . . . 2 . . . . 1 . . . . . . . . . . . . Fabricators 1 | . . . . . . . . . . . . . . . . . . . . 1 . . . . Recompile 1 | . . . . . . . . . . . . . . . . . . . . 1 . . . . Repair Stations . | . . . . . . . . . . . . . . . . . . . . . . . . . Recycling Units 6 | . 1 . 1 . . . . . . . . 4 . . . . . . . . . . . . Recyclers 1 | . . . 1 . . . . . . . . . . . . . . . . . . . . . Tunnel 5 | . 1 . . . . . . . . . . 4 . . . . . . . . . . . . Scanalyzers . | . . . . . . . . . . . . . . . . . . . . . . . . . Garrison Access 2 | . . . . . . . . . . . . . . 1 . . . . 1 . . . . . Eject 2 | . . . . . . . . . . . . . . 1 . . . . 1 . . . . . Data Cores Recovered 5 | . . . . . . . 1 . 1 . . . . . . . . . . 1 . 1 1 . Used . | . . . . . . . . . . . . . . . . . . . . . . . . . Hacking Detections 77 | . 6 . 4 . . . 13 4 1 1 4 8 . 4 1 . . 1 6 3 3 12 3 3 Full Trace Events 8 | . . . 1 . . . 1 1 . . . 1 . 1 . . . . 2 . . . . 1 Feedback Events . | . . . . . . . . . . . . . . . . . . . . . . . . . Feedback Blocked . | . . . . . . . . . . . . . . . . . . . . . . . . . Robot Schematics Acquired 4 | . 1 . . . . . . . . . . . . . . . . . . . . 3 . . Robots Built . | . . . . . . . . . . . . . . . . . . . . . . . . . Authchips . | . . . . . . . . . . . . . . . . . . . . . . . . . Time . | . . . . . . . . . . . . . . . . . . . . . . . . . Total Robot Build Rating . | . . . . . . . . . . . . . . . . . . . . . . . . . Part Schematics Acquired 11 | . 1 . . . . . 1 . . . . 2 . 1 . . . . . . . 4 2 . Parts Built 1 | . . . . . . . . . . . . . . . . . . . . . . . . 1 Authchips . | . . . . . . . . . . . . . . . . . . . . . . . . . Time 36 | . . . . . . . . . . . . . . . . . . . . . . . . 36 Total Part Build Rating 3 | . . . . . . . . . . . . . . . . . . . . . . . . 3 Part Studies Acquired 5 | . . . . . . . . . . . . . . 1 . . . . . . . 4 . . Parts Repaired 3 | . 1 . 1 . . . 1 . . . . . . . . . . . . . . . . . Time 163 | . 13 . 26 . . . 124 . . . . . . . . . . . . . . . . . Parts Recycled . | . . . . . . . . . . . . . . . . . . . . . . . . . Recycled Matter . | . . . . . . . . . . . . . . . . . . . . . . . . . Retrieved Matter . | . . . . . . . . . . . . . . . . . . . . . . . . . Retrieved Components 5 | . . . . . . . . . . . . 5 . . . . . . . . . . . . Parts Scanalyzed 3 | . . . . . . . 1 . . 1 . . . 1 . . . . . . . . . . Part Schematics Acquired 2 | . . . . . . . 1 . . . . . . 1 . . . . . . . . . . Parts Damaged 1 | . . . . . . . . . . 1 . . . . . . . . . . . . . . Bothacking | -11 -10 -10 -9 -9 -9 -8 -8 -8 -8 -7 -7 -7 -7 -5 -5 -5 -5 -5 -4 -3 -2 -2 -2 -1 ------------ Run | Yrd Mat Min Mat Min Exi Min Mat Gar Mat Fac Sto Rec Scr Fac Gar Fac DSF Gar Fac Res Res Qua Frg Acc Used RIF Installer 3 | . . . . . . . . 2 . . . . . . . . . 1 . . . . . . Watcher Feeds 1 | . . . . . . . . . . . . . . . . . . 1 . . . . . . Alert ID Control 1 | . . . . . . . . 1 . . . . . . . . . . . . . . . . Robots Hacked 22 | . . . . . 4 1 . . . 1 1 2 2 . . . . . . 2 . 7 2 . Non-combat 13 | . . . . . 3 . . . . 1 . 1 . . . . . . . 2 . 4 2 . Combat 9 | . . . . . 1 1 . . . . 1 1 2 . . . . . . . . 3 . . Robot Hacks Applied 26 | . . . . . 4 1 . . . 1 1 2 2 . . . . . . 3 . 10 2 . parse_system 10 | . . . . . 4 1 . . . . 1 2 2 . . . . . . . . . . . start_evac 1 | . . . . . . . . . . . . . . . . . . . . 1 . . . . find_chute 1 | . . . . . . . . . . 1 . . . . . . . . . . . . . . map_walls 1 | . . . . . . . . . . . . . . . . . . . . . . 1 . . drop_inventory 1 | . . . . . . . . . . . . . . . . . . . . . . 1 . . purge_threat 3 | . . . . . . . . . . . . . . . . . . . . . . 3 . . block_reporting 1 | . . . . . . . . . . . . . . . . . . . . . . . 1 . map_route 1 | . . . . . . . . . . . . . . . . . . . . 1 . . . . disable_scanner 2 | . . . . . . . . . . . . . . . . . . . . . . 2 . . locate_prototypes 1 | . . . . . . . . . . . . . . . . . . . . . . 1 . . link_fov 2 | . . . . . . . . . . . . . . . . . . . . 1 . 1 . . formatsys_low 2 | . . . . . . . . . . . . . . . . . . . . . . 1 1 . Relay Couplers Released 36 | . . . . . . . . 17 . . . . . 3 . 1 . 3 7 2 . 1 . 2 Ejected 7 | . . . . . . . . . . . . . . 3 . . . . 4 . . . . . Machine Destruction 26 | . . . . . . . . 17 . . . . . . . 1 . 3 . 2 . 1 . 2 Programmers 3 | . . . . . . . . . . . . . . . . . . . 3 . . . . . Attached 8 | . . . . . . . . 1 . . . . . 2 . . . . 2 1 . 2 . . Fabnet Peak Effective % . | . . . . . . . . . . . . . . . . . . . . . . . . . Robots Rewired 8 | . . . . . . . . . . . . . . . 5 . . 1 . . 2 . . . Allies Hacked 1 | . . . . . . . . 1 . . . . . . . . . . . . . . . . Hacks Repelled . | . . . . . . . . . . . . . . . . . . . . . . . . . Allies | -11 -10 -10 -9 -9 -9 -8 -8 -8 -8 -7 -7 -7 -7 -5 -5 -5 -5 -5 -4 -3 -2 -2 -2 -1 -------- Run | Yrd Mat Min Mat Min Exi Min Mat Gar Mat Fac Sto Rec Scr Fac Gar Fac DSF Gar Fac Res Res Qua Frg Acc Total Allies 15 | . . 3 . . . . . 1 . . . . . . 5 . . 1 . . 2 2 1 . Largest Group 3 | . . 3 . . . . . 1 . . . . . . 3 . . 1 1 . 1 1 1 . Highest-Rated Group 85 | . . 40 . . . . . 31 . . . . . . 69 . . 85 85 . 58 45 36 . Highest-Rated Ally 85 | . . 16 . . . . . 31 . . . . . . 41 . . 85 85 . 58 45 36 . Total Orders 15 | . . . . . . . . . . . . . . . 2 . . . . . . 2 11 . STAY 5 | . . . . . . . . . . . . . . . 1 . . . . . . 1 3 . FOLLOW 4 | . . . . . . . . . . . . . . . 1 . . . . . . 1 2 . AID 2 | . . . . . . . . . . . . . . . . . . . . . . . 2 . RETURN 4 | . . . . . . . . . . . . . . . . . . . . . . . 4 . Ally Attacks 362 | . . 15 . . . . . 6 . . . . 31 . 5 . . . 5 . 1 . 299 . Total Damage 5316 | . . 131 . . . . . 105 . . . . 1550 . 41 . . . 227 . 19 . 3243 . Kills 19 | . . . . . . . . 2 . . . . 11 . . . . . . . . . 6 . Allies Corrupted 7 | . . . . . . . . . . . . . . . . . . . . . . . 7 . Allies Melted 1 | . . . . . . . . . . . . . . . . . . . . . . . 1 . Turrets Deployed 1 | . . . . . . . . . . . . . 1 . . . . . . . . . . . Intel | -11 -10 -10 -9 -9 -9 -8 -8 -8 -8 -7 -7 -7 -7 -5 -5 -5 -5 -5 -4 -3 -2 -2 -2 -1 ------- Run | Yrd Mat Min Mat Min Exi Min Mat Gar Mat Fac Sto Rec Scr Fac Gar Fac DSF Gar Fac Res Res Qua Frg Acc Active Infowar (turns) 16575 | 7 1350 499 211 . . 190 . . 13 362 780 356 1596 733 721 228 90 804 1249 827 581 1936 905 3137 Sensors 1571 | . . . . . . . . . . . . . . . . . . . . 601 . . . 970 IFF 873 | . . . . . . . . . . . . . . . . . . . . . . . . 873 Structural 1199 | . . . . . . . . . . 335 243 . . 621 . . . . . . . . . . Seismic 2257 | 7 1350 499 211 . . 190 . . . . . . . . . . . . . . . . . . Cloaking 2 | . . . . . . . . . . . . . . . . . . . . . . . 2 . Jamming 12028 | . . . . . . . . . 13 245 780 356 1596 293 721 228 90 804 1249 827 581 1936 905 1404 ECM 3 | . . . . . . . . . . . . . . . . . . . . . 1 . . 2 Robot Analysis Total 4 | . 2 . . . . . 2 . . . . . . . . . . . . . . . . . Derelict Logs Recovered 3 | . . 2 . 1 . . . . . . . . . . . . . . . . . . . . Drone Launches 39 | . . . . . . . . . . . . . . . . . . . . . . . 39 . Drone Recoveries 9 | . . . . . . . . . . . . . . . . . . . . . . . 9 . Exploration | -11 -10 -10 -9 -9 -9 -8 -8 -8 -8 -7 -7 -7 -7 -5 -5 -5 -5 -5 -4 -3 -2 -2 -2 -1 ------------- Run | Yrd Mat Min Mat Min Exi Min Mat Gar Mat Fac Sto Rec Scr Fac Gar Fac DSF Gar Fac Res Res Qua Frg Acc Turns Passed 32563 | 93 1350 499 831 767 2431 707 1682 2833 680 488 780 356 3929 760 989 228 90 936 1256 827 585 2131 3250 4085 Spaces Moved 15612 | 71 703 436 386 543 1299 375 812 777 213 292 307 259 2697 423 342 55 33 308 442 341 257 1052 1398 1791 Core 26 | 20 . . . . . . . . . . . . . . . . . . . . . . . 6 Treads 5723 | . . . . . 23 . 7 672 . . . . 1 . 255 55 33 308 100 341 257 1052 1398 1221 Legs 561 | . . . . . . . . 105 124 . . . . . . . . . . . . . . 332 Wheels 9302 | 51 703 436 386 543 1276 375 805 . 89 292 307 259 2696 423 87 . . . 342 . . . . 232 Hover . | . . . . . . . . . . . . . . . . . . . . . . . . . Flight . | . . . . . . . . . . . . . . . . . . . . . . . . . Fastest Speed 50 | 50 95 90 110 135 120 135 135 250 116 110 110 110 110 100 100 157 157 157 114 168 166 155 155 115 Average Speed 150 | 82 101 93 132 135 152 150 158 308 218 113 111 122 119 123 153 157 164 219 178 172 168 159 159 148 Slowest Speed 1900 | 95 140 95 135 135 240 215 250 680 610 125 125 125 292 215 330 157 237 237 330 176 173 217 250 1900 Overloaded Moves . | . . . . . . . . . . . . . . . . . . . . . . . . . Propulsion Burnouts . | . . . . . . . . . . . . . . . . . . . . . . . . . Robots Hopped . | . . . . . . . . . . . . . . . . . . . . . . . . . Potential Cave-ins 15 | . . . . . . . . . . . . . . . 5 . . . . 2 . . 8 . Cave-ins Triggered 2 | . . . . . . . . . . . . . . . 1 . . . . . . . 1 . Teleports 1 | . . . . . . . . . . . . . . . . . . . . . . . 1 . Exploration Rate (%) 49 | 4 89 87 34 98 91 83 85 98 17 10 51 58 59 16 30 1 41 53 17 17 10 95 37 54 Regions Visited 24 Branch Regions 9 Pre-discovered Areas 7 | . 1 1 . . 1 . . . . . . 4 . . . . . . . . . . . . Known Exits Taken 8 | . . . . . . . 1 . 1 1 1 . . 1 . 1 . . 1 . 1 . . . Unknown Exits Taken 12 | 1 1 1 1 1 1 1 . . . . . 1 1 . . . . . . 1 . 1 1 . Scrap Searched 12 | . . 1 . 2 . 1 . . . . . . 8 . . . . . . . . . . . Spaces Dug 254 | . . . . . . 16 20 15 . 8 1 4 3 1 22 2 2 24 35 16 4 52 10 19 Terrain Destroyed 1452 | . . . . 1 18 41 58 85 . 8 7 4 40 3 77 2 2 36 124 35 4 71 52 784 Melee 23 | . . . . . . . . 12 . 7 1 3 . . . . . . . . . . . . Projectile 448 | . . . . 1 . 7 2 1 . 1 6 1 33 3 54 2 2 36 20 35 4 47 44 149 AOE 943 | . . . . . 18 34 56 72 . . . . 7 . 23 . . . 104 . . 24 8 597 Terrain Rammed . | . . . . . . . . . . . . . . . . . . . . . . . . . Walls Destroyed . | . . . . . . . . . . . . . . . . . . . . . . . . . Machines Disabled . | . . . . . . . . . . . . . . . . . . . . . . . . . Actions | -11 -10 -10 -9 -9 -9 -8 -8 -8 -8 -7 -7 -7 -7 -5 -5 -5 -5 -5 -4 -3 -2 -2 -2 -1 --------- Run | Yrd Mat Min Mat Min Exi Min Mat Gar Mat Fac Sto Rec Scr Fac Gar Fac DSF Gar Fac Res Res Qua Frg Acc Total 22326 | 94 1279 514 570 571 1582 479 1047 1027 345 395 668 280 3410 610 663 194 63 476 785 497 390 1362 2135 2890 Wait 3204 | . 510 70 55 13 66 34 66 98 45 49 264 . 538 56 82 137 7 40 168 41 76 83 161 545 Move 15587 | 70 702 435 385 542 1298 374 812 776 212 291 306 258 2696 422 340 54 32 307 441 340 256 1051 1397 1790 Hop . | . . . . . . . . . . . . . . . . . . . . . . . . . Pick Up 333 | 11 13 1 30 4 34 5 11 3 4 2 3 . 41 9 11 . 4 7 12 12 5 16 43 52 Fast Attach 248 | 1 . . . . 2 9 15 19 11 7 11 3 13 16 7 . 3 2 21 3 13 14 40 38 Attach 165 | 6 1 1 7 . 10 4 2 1 2 1 2 . 7 8 6 . 1 5 12 3 . 10 33 43 Detach 45 | . . . . . . 2 2 1 . . 2 . 3 1 3 . . 1 5 . . 2 13 10 Swap 285 | . 9 1 8 2 15 5 11 9 4 7 10 1 9 12 6 . 4 9 6 9 2 26 69 51 Drop 452 | . 11 . 11 5 36 8 30 12 13 9 18 5 42 12 20 . 7 11 19 16 16 33 68 50 Fire 1775 | 6 33 6 74 5 117 14 98 66 9 11 43 2 59 74 142 3 5 88 101 68 12 125 306 308 Melee 155 | . . . . . 4 24 . 38 45 18 9 11 2 . . . . . . 4 . . . . Ram . | . . . . . . . . . . . . . . . . . . . . . . . . . Kick . | . . . . . . . . . . . . . . . . . . . . . . . . . Crush 9 | . . . . . . . . . . . . . . . . . . . . 1 2 2 4 . Escape Stasis 9 | . . . . . . . . 4 . . . . . . 1 . . . . . . . 1 3 Rewire 59 | . . . . . . . . . . . . . . . 45 . . 6 . . 8 . . . Trap . | . . . . . . . . . . . . . . . . . . . . . . . . . Miscellaneous . | . . . . . . . . . . . . . . . . . . . . . . . . . Route ------- -11/Scrapyard -10/Materials (discovered 4 exits: *Mat x2 / [*Min x2]) -10/Mines -9/Materials -9/Mines (discovered 3 exits: *Mat x2 / *Exi) -9/Exiles (discovered 2 exits: [*Min x2]) -8/Mines -8/Materials (discovered 3 exits: *Fac x2 / Gar) -8/Garrison (discovered 4 exits: *Fac x3 / *Mat) -8/Materials -7/Factory -7/Storage -7/Recycling (discovered 2 exits: *Fac / *Scr) -7/Scraptown -5/Factory -5/Garrison -5/Factory -5/DSF -5/Garrison -4/Factory (discovered 4 exits: *Res x4) -3/Research -2/Research (discovered 2 exits: *Qua x2) -2/Quarantine (discovered 3 exits: *Acc / [*Sec] / *Frg) -2/Protoforge -1/Access To Epsilon Eridani History --------- Turn | Location | Event 4 | -11/Scrapyard | Discovered new exit (range 16) 94 | -11/Scrapyard | Entered Materials 317 | -10/Materials | Build established: Mutant 567 | -10/Materials | Discovered new exit (range 6) 614 | -10/Materials | Discovered new exit (range 14) 1192 | -10/Materials | Discovered new exit (range 5) 1210 | -10/Materials | Repaired Assault Rifle 1430 | -10/Materials | Discovered new exit (range 8) 1444 | -10/Materials | Entered Mines 1700 | -10/Mines | Assisted by bots powering up and referring to "LRC-V3" 1800 | -10/Mines | Assembled infested the area 1805 | -10/Mines | Assisted by a Guerilla fighting off Assembled 1858 | -10/Mines | Lost 4 allies 1939 | -10/Mines | Discovered new exit (range 5) 1943 | -10/Mines | Entered Materials 1943 | -9/Materials | Evolved 2 slots: Propulsion x1, Utility x1 2478 | -9/Materials | Build established: Scavenger-Mutant 2658 | -9/Materials | Repaired Lgt. Armor Plating 2673 | -9/Materials | Discovered new exit (range 16) 2774 | -9/Materials | Entered Mines 2823 | -9/Mines | Deemed a non-threat by the Exiles lab entrance 2823 | -9/Mines | Discovered new exit (range 5) 2864 | -9/Mines | Learned location of 1 exit from Materials 2926 | -9/Mines | Discovered new exit (range 16) 3042 | -9/Mines | Received a Rocket Launcher from a helpful Derelict 3097 | -9/Mines | Discovered new exit (range 11) 3541 | -9/Mines | Entered Exiles 3559 | -9/Exiles | Discovered new exit (range 15) 3578 | -9/Exiles | Met 8R-AWN 3602 | -9/Exiles | Met EX-HEX 3656 | -9/Exiles | Met EX-DEC 3690 | -9/Exiles | Learned location of Zion (-6) 3721 | -9/Exiles | Met EX-BIN 3925 | -9/Exiles | Aligned with FarCom system 3926 | -9/Exiles | Given EX-Vault access code 3958 | -9/Exiles | Opened EX-Vault 3970 | -9/Exiles | Found Firepult 3978 | -9/Exiles | Found Army-in-a-Box 4009 | -9/Exiles | Warned to stay clear of 0b10 Research branches 4156 | -9/Exiles | Discovered new exit (range 10) 4665 | -9/Exiles | Attacked by the Exiles 4828 | -9/Exiles | Lost 5 parts (1p1n3u) 4909 | -9/Exiles | Destroyed 8R-AWN 4917 | -9/Exiles | Found 8R-AWN's Boregun 4923 | -9/Exiles | Found AS-neutralizer No. 17b 4929 | -9/Exiles | Found Exp. Targeting Computer 4935 | -9/Exiles | Lost 3 parts (2n1u) 4961 | -9/Exiles | Build established: Mutant 5078 | -9/Exiles | Destroyed EX-BIN 5121 | -9/Exiles | Destroyed EX-HEX 5216 | -9/Exiles | Destroyed EX-DEC 5239 | -9/Exiles | Found Exp. Core Analyzer 5250 | -9/Exiles | Found Deploy-a-Sentry 5315 | -9/Exiles | Found System Purifier 5696 | -9/Exiles | Found XL Autogun Array 5972 | -9/Exiles | Stole four prototypes: Army-in-a-Box, Firepult, XL Autogun Array, Deploy-a-Sentry 5972 | -9/Exiles | Entered Mines 6032 | -8/Mines | 12-ASH came to Exiles' defense 6045 | -8/Mines | Core integrity fell below 50% 6082 | -8/Mines | Core integrity fell below 20% 6093 | -8/Mines | Destroyed 12-ASH 6101 | -8/Mines | Found 12-ASH's Boomstick 6380 | -8/Mines | Build established: Scavenger-Mutant 6661 | -8/Mines | Discovered new exit (range 11) 6679 | -8/Mines | Entered Materials 6679 | -8/Materials | Evolved 2 slots: Weapon x2 6680 | -8/Materials | Identified exit to Factory 6975 | -8/Materials | Build established: Scavenger-Gunner 7592 | -8/Materials | Build established: Gunner 7683 | -8/Materials | Repaired Broken Exp. Flexi-carbon Leg 7888 | -8/Materials | Discovered exit to Factory (range 8) 7894 | -8/Materials | Central database locked down 8279 | -8/Materials | First assault squad dispatched 8361 | -8/Materials | Identified exit to Garrison 8361 | -8/Materials | Entered Garrison 8411 | -8/Garrison | Triggered checkpoint 8665 | -8/Garrison | Phase Generator disabled 8732 | -8/Garrison | Garrison Relay disabled 8884 | -8/Garrison | Garrison Relay disabled 8965 | -8/Garrison | Triggered checkpoint 9039 | -8/Garrison | Lost 4 parts (1u3w) 9084 | -8/Garrison | Discovered new exit (range 3) 9199 | -8/Garrison | Triggered checkpoint 9273 | -8/Garrison | Garrison Relay disabled 9356 | -8/Garrison | Discovered exit to Factory (range 15) 9381 | -8/Garrison | Installed Relay Interface Framework 9496 | -8/Garrison | Build established: Scavenger-Gunner 9653 | -8/Garrison | Triggered checkpoint 9733 | -8/Garrison | Triggered checkpoint 9830 | -8/Garrison | Garrison Relay disabled 9869 | -8/Garrison | Discovered exit to Factory (range 8) 9983 | -8/Garrison | Triggered checkpoint 10042 | -8/Garrison | Lost 4 parts (1p2n1w) 10144 | -8/Garrison | Garrison Relay disabled 10294 | -8/Garrison | Discovered exit to Factory (range 15) 10328 | -8/Garrison | Core integrity fell below 50% 10354 | -8/Garrison | Rescued a captive Derelict 10445 | -8/Garrison | Lost 4 parts (1n3w) 10622 | -8/Garrison | Expanded RIF knowledge: Alert ID Control 10807 | -8/Garrison | Build established: Scavenger-Mutant 11194 | -8/Garrison | Entered Materials 11415 | -8/Materials | Core integrity fell below 20% 11494 | -8/Materials | Lost 3 parts (1p2n) 11841 | -8/Materials | Discovered exit to Factory (range 15) 11874 | -8/Materials | Entered Factory 11874 | -7/Factory | Evolved 2 slots: Propulsion x1, Utility x1 11875 | -7/Factory | Identified exit to Storage 12362 | -7/Factory | Entered Storage 12430 | -7/Storage | Met 01-MTF 12455 | -7/Storage | Identified exit to Recycling 12630 | -7/Storage | Build established: Scavenger-Gunner 12836 | -7/Storage | Destroyed 01-MTF 12838 | -7/Storage | Found Corrupted 01-MTF's Shockpuncher 13099 | -7/Storage | Build established: Scavenger-Tank 13142 | -7/Storage | Entered Recycling 13331 | -7/Recycling | Scanned before Scraplab entrance 13408 | -7/Recycling | Discovered new exit (range 15) 13487 | -7/Recycling | Entered Scraplab 13497 | -7/Recycling | Discovered new exit (range 2) 13498 | -7/Recycling | Entered Scraptown 13498 | -7/Scraptown | System corruption cleaned by C-Scrubber 13648 | -7/Scraptown | Visited Cyclists 13663 | -7/Scraptown | Visited Red Mages 13681 | -7/Scraptown | Visited Bundlers 13742 | -7/Scraptown | Visited Fellowship of the Rings 13758 | -7/Scraptown | Visited TADAMA 13777 | -7/Scraptown | Build established: Scavenger-Mutant 14461 | -7/Scraptown | Turned away by UFD registrar 14553 | -7/Scraptown | Visited Cave Peace 14761 | -7/Scraptown | Discovered new exit (range 11) 15305 | -7/Scraptown | Build established: Scavenger-Tank 15930 | -7/Scraptown | DAS Turret deployed 16510 | -7/Scraptown | Attacked by Scraptown defenders 16684 | -7/Scraptown | Destroyed Triborg 16774 | -7/Scraptown | Build established: Tank 17164 | -7/Scraptown | Allies destroyed Optimus 17256 | -7/Scraptown | Destroyed 8 combat bots 17353 | -7/Scraptown | Found Deep Structural Scanner 17427 | -7/Scraptown | Entered Factory 17427 | -5/Factory | Evolved 4 slots: Utility x4 17456 | -5/Factory | Lost 8 parts (1p5n2u) 17605 | -5/Factory | Unchained authorized (1B-0RG) 18088 | -5/Factory | Build established: Scavenger-Tank 18154 | -5/Factory | Cargo convoy interrupted 18177 | -5/Factory | Identified exit to Garrison 18187 | -5/Factory | Entered Garrison 18783 | -5/Garrison | Crushed by falling debris 18882 | -5/Garrison | Lost 5 allies 18890 | -5/Garrison | Discovered new exit (range 14) 19176 | -5/Garrison | Entered Factory 19202 | -5/Factory | Identified exit to DSF 19384 | -5/Factory | Unchained authorized (1B-0RG) 19404 | -5/Factory | Entered DSF 19448 | -5/DSF | Additional patrols routed to DSF 19453 | -5/DSF | Found Imp. Powered Armor 19457 | -5/DSF | Found Imp. Powered Armor 19463 | -5/DSF | Found Imp. Powered Armor 19468 | -5/DSF | Found Imp. Powered Armor 19472 | -5/DSF | Discovered new exit (range 14) 19494 | -5/DSF | Entered Garrison 19596 | -5/Garrison | Triggered checkpoint 19652 | -5/Garrison | Expanded RIF knowledge: Watcher Feeds 19753 | -5/Garrison | Triggered checkpoint 19851 | -5/Garrison | Destroyed 12 combat bots 19941 | -5/Garrison | Learned Factory security intel 20087 | -5/Garrison | Discovered new exit (range 10) 20090 | -5/Garrison | Triggered checkpoint 20119 | -5/Garrison | Garrison Relay disabled 20182 | -5/Garrison | Spotted B-90 Cyclops 20230 | -5/Garrison | Destroyed B-90 Cyclops 20311 | -5/Garrison | Rewired B-75 Beast 20430 | -5/Garrison | Entered Factory 20430 | -4/Factory | Accompanied by 1 ally 20430 | -4/Factory | Evolved 2 slots: Power x1, Propulsion x1 21015 | -4/Factory | Lost 3 parts (1n2w) 21081 | -4/Factory | Destroyed 9 combat bots 21084 | -4/Factory | Lost 3 parts (1n1u1w) 21180 | -4/Factory | First assault squad dispatched 21188 | -4/Factory | Identified exit to Garrison 21307 | -4/Factory | Identified exit to Research 21399 | -4/Factory | Build established: Scavenger-Gunner 21686 | -4/Factory | Unchained authorized (1B-0RG) 21686 | -4/Factory | Entered Research 21686 | -3/Research | Evolved 2 slots: Propulsion x1, Utility x1 21770 | -3/Research | Build established: Tank 22190 | -3/Research | Watched by a mysterious "MATRIX" hacker. 22202 | -3/Research | Discovered new exit (range 36) 22445 | -3/Research | Spotted B-86 Titan 22457 | -3/Research | Destroyed B-86 Titan 22477 | -3/Research | Found Hvy. Reflective Plating 22513 | -3/Research | Entered another Research area 22513 | -2/Research | Evolved 2 slots: Power x2 22841 | -2/Research | Found Prototype Device 22841 | -2/Research | Identified Exp. ECM Suite 22886 | -2/Research | Identified exit to Quarantine 22914 | -2/Research | Found Prototype Processor 22914 | -2/Research | Identified Exp. Signal Interpreter 23098 | -2/Research | Entered Quarantine 23160 | -2/Quarantine | Spotted Alpha 7 23207 | -2/Quarantine | Destroyed Alpha 7 23259 | -2/Quarantine | Found Alien Artifact 23259 | -2/Quarantine | Identified Phase Redirector 23348 | -2/Quarantine | Build established: Generator-Tank 23550 | -2/Quarantine | Found Alien Artifact 23550 | -2/Quarantine | Identified Phase Armor 23846 | -2/Quarantine | Found Alien Artifact 23869 | -2/Quarantine | Found Alien Artifact 23945 | -2/Quarantine | Found Alien Artifact 23968 | -2/Quarantine | Discovered new exit (range 18) 24096 | -2/Quarantine | Identified Hpw. Transdimensional Reconstructor 24419 | -2/Quarantine | Identified Terrabomb 24419 | -2/Quarantine | Used Terrabomb 24451 | -2/Quarantine | Found Alien Launcher 24876 | -2/Quarantine | Found Prototype Reactor 24876 | -2/Quarantine | Identified Vortex Chain Reactor 24902 | -2/Quarantine | Found Imp. Powered Armor 25007 | -2/Quarantine | Found Hpw. Transdimensional Reconstructor 25069 | -2/Quarantine | Spotted Fortress 25073 | -2/Quarantine | Destroyed Fortress 25091 | -2/Quarantine | Found Prototype Device 25091 | -2/Quarantine | Identified Exp. Force Field 25223 | -2/Quarantine | Discovered new exit (range 5) 25223 | -2/Quarantine | Discovered new exit (range 6) 25229 | -2/Quarantine | Entered Protoforge 25334 | -2/Protoforge | Superfortress began startup sequence 25334 | -2/Protoforge | Spotted B-90 Cyclops 25339 | -2/Protoforge | Destroyed B-90 Cyclops 25377 | -2/Protoforge | Spotted Hotshot 25381 | -2/Protoforge | Discovered new exit (range 12) 25385 | -2/Protoforge | Spotted Hotshot 25389 | -2/Protoforge | Spotted Hotshot 25393 | -2/Protoforge | Spotted Hotshot 25394 | -2/Protoforge | Spotted Hotshot 25395 | -2/Protoforge | Spotted Hotshot 25397 | -2/Protoforge | Spotted Hotshot 25400 | -2/Protoforge | Spotted Hotshot 25402 | -2/Protoforge | Spotted Hotshot 25409 | -2/Protoforge | Destroyed Hotshot 25425 | -2/Protoforge | Destroyed Hotshot 25431 | -2/Protoforge | Destroyed Hotshot 25438 | -2/Protoforge | Destroyed Hotshot 25444 | -2/Protoforge | Destroyed Hotshot 25469 | -2/Protoforge | Destroyed 8 combat bots 25485 | -2/Protoforge | Destroyed Hotshot 25491 | -2/Protoforge | Destroyed Hotshot 25493 | -2/Protoforge | Destroyed Hotshot 25525 | -2/Protoforge | Destroyed Hotshot 25569 | -2/Protoforge | Identified Dimensional Node Initializer 25569 | -2/Protoforge | Initialized slip node 25842 | -2/Protoforge | Found Prototype Protection 25842 | -2/Protoforge | Identified Cep. Core Shell 25926 | -2/Protoforge | Garrison activated, responded to threat 26059 | -2/Protoforge | Found Prototype Launcher 26100 | -2/Protoforge | Identified Cep. Smart ZDS 26115 | -2/Protoforge | Found Prototype Device 26141 | -2/Protoforge | Spotted Immortal 26142 | -2/Protoforge | Spotted Immortal 26150 | -2/Protoforge | Destroyed Immortal 26158 | -2/Protoforge | Destroyed Immortal 26165 | -2/Protoforge | Spotted Decapitator 26165 | -2/Protoforge | Spotted Decapitator 26165 | -2/Protoforge | Spotted Decapitator 26165 | -2/Protoforge | Spotted Decapitator 26171 | -2/Protoforge | Found Prototype Device 26171 | -2/Protoforge | Identified Cep. Antimissile System 26186 | -2/Protoforge | Found Prototype Device 26186 | -2/Protoforge | Identified Exp. Cloaking Device 26190 | -2/Protoforge | Found Prototype Processor 26190 | -2/Protoforge | Identified Exp. Melee Analysis Suite 26282 | -2/Protoforge | Destroyed Decapitator 26282 | -2/Protoforge | Destroyed Decapitator 26282 | -2/Protoforge | Destroyed Decapitator 26284 | -2/Protoforge | Destroyed Decapitator 26338 | -2/Protoforge | Spotted V951-o 26346 | -2/Protoforge | Destroyed V951-o 26347 | -2/Protoforge | System corruption reached 10% 26359 | -2/Protoforge | Found Cep. Zero-point Core 26363 | -2/Protoforge | Found Faulty Cep. Zero-point Core 26364 | -2/Protoforge | Identified Crosscalibrator 26378 | -2/Protoforge | Found Cep. Zero-point Core 26383 | -2/Protoforge | Found Faulty Cep. Zero-point Core 26479 | -2/Protoforge | First assault squad dispatched 26535 | -2/Protoforge | Destroyed Decapitator 26535 | -2/Protoforge | Destroyed Decapitator 26539 | -2/Protoforge | Spotted V154-j 26539 | -2/Protoforge | Spotted V573-z 26561 | -2/Protoforge | Found Prototype Storage 26561 | -2/Protoforge | Identified Cep. Antigrav Storage Unit 26569 | -2/Protoforge | Found Cep. Chromion Battery 26589 | -2/Protoforge | Found Faulty Cep. Matter Streamer 26600 | -2/Protoforge | Found Faulty Cep. Matter Streamer 26603 | -2/Protoforge | Found Cep. NT7 Matterbank 26613 | -2/Protoforge | Found Cep. NT7 Matterbank 26667 | -2/Protoforge | Destroyed V573-z 26674 | -2/Protoforge | Destroyed V154-j 26918 | -2/Protoforge | Found Prototype Device 26918 | -2/Protoforge | Identified Cep. Hypertargeting System 26922 | -2/Protoforge | Found Prototype Device 26922 | -2/Protoforge | Identified Exp. Kinecellerator 26925 | -2/Protoforge | Found Cep. Hypertargeting System 27005 | -2/Protoforge | Spotted Decapitator 27005 | -2/Protoforge | Spotted Decapitator 27005 | -2/Protoforge | Spotted Decapitator 27010 | -2/Protoforge | Destroyed Decapitator 27010 | -2/Protoforge | Destroyed Decapitator 27010 | -2/Protoforge | Destroyed Decapitator 27070 | -2/Protoforge | Scanned by Researcher 27110 | -2/Protoforge | Found Prototype Ballistic Cannon 27110 | -2/Protoforge | Identified Cep. Heavy Railcannon 27114 | -2/Protoforge | Found Prototype Ballistic Cannon 27114 | -2/Protoforge | Identified Cep. Helical Railcannon 27129 | -2/Protoforge | Found Faulty Cep. Helical Railcannon 27135 | -2/Protoforge | Found Prototype Energy Cannon 27167 | -2/Protoforge | Spotted V065-k 27182 | -2/Protoforge | Destroyed V065-k 27194 | -2/Protoforge | Spotted V181-y 27197 | -2/Protoforge | Destroyed V181-y 27210 | -2/Protoforge | Found Cep. Miniperforator 27213 | -2/Protoforge | Identified Cep. Plasma Driver 27215 | -2/Protoforge | Found Cep. Heavy Railcannon 27238 | -2/Protoforge | Attached CPS modules to V653-p. 27245 | -2/Protoforge | Found Cep. Deflector Sword 27261 | -2/Protoforge | Found Prototype Launcher 27261 | -2/Protoforge | Identified Adv. Micro-nuke Launcher 27267 | -2/Protoforge | Found Prototype Protection 27267 | -2/Protoforge | Identified Med. Regenerative Plating 27275 | -2/Protoforge | Found Launcher Loader 27293 | -2/Protoforge | Build established: Generator-Gunner 27332 | -2/Protoforge | Destroyed 11 combat bots 27349 | -2/Protoforge | Forge Plexus network access discovered 27398 | -2/Protoforge | Found Cep. Miniperforator 27425 | -2/Protoforge | Found Faulty Cep. Plasma Driver 27610 | -2/Protoforge | Spotted Immortal 27610 | -2/Protoforge | Spotted Immortal 27619 | -2/Protoforge | Destroyed Immortal 27623 | -2/Protoforge | Core integrity fell below 50% 27629 | -2/Protoforge | Destroyed Immortal 27659 | -2/Protoforge | Found Exp. Force Field 27696 | -2/Protoforge | Found Cep. Energy Mantle 27914 | -2/Protoforge | Destroyed 15 combat bots 28168 | -2/Protoforge | Crushed by falling debris 28169 | -2/Protoforge | System corruption reached 30% 28184 | -2/Protoforge | Found Cep. Rapid Grenade Launcher 28206 | -2/Protoforge | Found Cep. Antigrav Storage Unit 28212 | -2/Protoforge | Found Cep. Chromion Battery 28409 | -2/Protoforge | Destroyed 15 combat bots 28430 | -2/Protoforge | Destroyed Hotshot 28459 | -2/Protoforge | Spotted Executioner 28459 | -2/Protoforge | Spotted Hotshot 28459 | -2/Protoforge | Spotted Immortal 28459 | -2/Protoforge | Spotted Immortal 28463 | -2/Protoforge | Warped through subspace to slip node 28476 | -2/Protoforge | Destroyed 7 combat bots 28479 | -2/Protoforge | Entered Access 28479 | -1/Access | Evolved 2 slots: Utility x2 28493 | -1/Access | Lost 29 allies 28548 | -1/Access | Found Launcher Loader 28589 | -1/Access | Build established: Generator-Tank 28651 | -1/Access | Fabricated CPS Tube (x1) 28729 | -1/Access | First assault squad dispatched 28996 | -1/Access | Energy Cycler disabled 29276 | -1/Access | Found Prototype Device 29276 | -1/Access | Identified Exp. Shock Absorption System 29280 | -1/Access | Destroyed 7 combat bots 29291 | -1/Access | Found Prototype Launcher 29297 | -1/Access | Identified Ragnarok Missile Launcher 29329 | -1/Access | Found Prototype Launcher 29329 | -1/Access | Identified Enh. Gamma Bomb Array 29414 | -1/Access | High security lockdown imminent 29436 | -1/Access | Destroyed 16 combat bots 29458 | -1/Access | Found Exp. Shock Absorption System 29494 | -1/Access | High security lockdown engaged 29733 | -1/Access | Destroyed 10 combat bots 29819 | -1/Access | Destroyed Executioner 29840 | -1/Access | Destroyed 8 combat bots 29866 | -1/Access | Spotted Executioner 29867 | -1/Access | Destroyed Executioner 29903 | -1/Access | Destroyed 13 combat bots 29966 | -1/Access | Destroyed Executioner 29966 | -1/Access | Spotted Executioner 29966 | -1/Access | Spotted Striker 29967 | -1/Access | Spotted Executioner 29967 | -1/Access | Spotted Executioner 29969 | -1/Access | Destroyed Executioner 29971 | -1/Access | Destroyed Executioner 29971 | -1/Access | Destroyed Striker 30013 | -1/Access | Spotted Investigator 30014 | -1/Access | Destroyed Investigator 30029 | -1/Access | Destroyed Executioner 30050 | -1/Access | Destroyed 20 combat bots 30065 | -1/Access | Spotted Investigator 30065 | -1/Access | Destroyed Investigator 30162 | -1/Access | System corruption reached 10% 30164 | -1/Access | Spotted Striker 30164 | -1/Access | Spotted Striker 30164 | -1/Access | Spotted Striker 30173 | -1/Access | Destroyed Striker 30174 | -1/Access | Destroyed Striker 30177 | -1/Access | Destroyed Striker 30198 | -1/Access | Destroyed 8 combat bots 30206 | -1/Access | Lost 3 parts (1p1n1u) 30257 | -1/Access | Spotted Executioner 30257 | -1/Access | Spotted Executioner 30260 | -1/Access | Spotted Striker 30260 | -1/Access | Spotted Striker 30264 | -1/Access | Spotted Executioner 30265 | -1/Access | Destroyed Executioner 30268 | -1/Access | Destroyed Executioner 30271 | -1/Access | Destroyed Executioner 30278 | -1/Access | Destroyed Striker 30281 | -1/Access | Destroyed Striker 30284 | -1/Access | Spotted Investigator 30292 | -1/Access | Destroyed Investigator 30300 | -1/Access | Lost 3 parts (3u) 30310 | -1/Access | Destroyed 25 combat bots 30325 | -1/Access | Destroyed Executioner 30346 | -1/Access | Sterilization system engaged 30365 | -1/Access | Destroyed 7 combat bots 30372 | -1/Access | Found Prototype Device 30376 | -1/Access | Identified Adv. Kinecellerator 30386 | -1/Access | Found Exp. Targeting Computer 30408 | -1/Access | Destroyed Striker 30408 | -1/Access | Destroyed Striker 30410 | -1/Access | Destroyed Striker 30500 | -1/Access | Lost 7 parts (1p2n2u2w) 30515 | -1/Access | Destroyed Investigator 30558 | -1/Access | Destroyed 36 combat bots 30565 | -1/Access | Lost 7 parts (1p1n2u3w) 30646 | -1/Access | Ambient heat levels rising (+10) 30796 | -1/Access | Ambient heat levels rising (+10) 30946 | -1/Access | Ambient heat levels rising (+10) 30970 | -1/Access | Build established: Scavenger-Gunner 30999 | -1/Access | Found Prototype Device 30999 | -1/Access | Identified Exp. Transmission Jammer 31088 | -1/Access | Destroyed 10 combat bots 31096 | -1/Access | Ambient heat levels rising (+10) 31246 | -1/Access | Ambient heat levels rising (+10) 31323 | -1/Access | Found Quantum Capacitor 31396 | -1/Access | Ambient heat levels rising (+10) 31546 | -1/Access | Ambient heat levels rising (+10) 31696 | -1/Access | Ambient heat levels rising (+10) 31846 | -1/Access | Ambient heat levels rising (+10) 31996 | -1/Access | Ambient heat levels rising (+10) 32013 | -1/Access | Build established: Generator-Tank 32146 | -1/Access | Ambient heat levels rising (+10) 32296 | -1/Access | Ambient heat levels rising (+10) 32373 | -1/Access | Discovered new exit (range 4) 32380 | -1/Access | Identified Sigix Terminator 32389 | -1/Access | Fired Sigix Terminator 32446 | -1/Access | Ambient heat levels rising (+10) 32564 | *** | Escaped! Last Messages --------------- 32373_ EXIT=FOUND 32376_ System corrupted: Heat flow error (+246). 32379_ Dropped Cep. Helical Railcannon. 32380_ Identified Sigix Terminator. 32381_ Acquired Cep. Helical Railcannon. 32389_ Sigix Terminator expended. 32389_ Terminal disabled. 32391_ The Access Shell folds into the floor. 32411_ |OTP/ZZWHH1=JS< DQVZ=>TW7THHFKD =JM2KJ 32426_ System corrupted: Component data lost. 32441_ System corrupted: Energy discharge (-284). 32446_ ALERT: Ambient heat levels +10. 32456_ System corrupted: Substantial component data lost. 32472_ Acquired 26 matter. 32474_ System corrupted: Matter fused (-8). 32489_ System corrupted: Energy discharge (-385). 32508_ System corrupted: Component data lost. 32524_ System corrupted: Matter fused (-5). 32539_ System corrupted: Component data lost. [Achievement: On My Own Terms] Map ----- +----------------------------------------------------+ | " " "" #??????????????????????? | | " ] " #??????????????????????? | | " " #??????????????????????? | | """" " #??????????????????????? | | """"" """"####??????????????????????? | | " #??????????????????????? | | """"""""""" " #??????????????????????? | | "" """" " #??????????????????????? | | " " #??????????????????????? | | " " " ?????????????????????? | | " " ; ???????????????????? | | " " ; ??????????????????? | | " " ; ?????????????????? | | " " ; #?????????????????? | | " " ; #?????????????????? | | " " ; #?????????????????? | | " ; ; #??????????????????? | | """" ;;;;;;;;;;;;;; #??????????????????? | | " " ; ;;; #??????????????????? | | " " ;;;;;;; ;;;;;;;;##??#########???????? | | " " "??" #???????? | | " " "??" % #???????? | | " " "??" ########? | | " ; """" #? | | " ; "" #? | | " ; @" """" #? | | " ; "??" #? | | """"" ; "??" % ### #? | | ## " "??" #?# #? | | ?### " "??" #?# #? | | ???#### " ;;;#### ##########??#########?# #? | | ??????####" ####??###?????????????????????# #? | | ?????????## #?###########?????????????????# #? | | ??????????# # * #??????????######?# #? | | ??????????# # #????????""""""" ?# #? | | ????? ????# +% % #???? """"T"""" # #? | | ????"""???# # #??! # ## | | ????"""???+^ # ] #?? +% | | ??""""" ??# #? #?? # | | """""" ??# #? #?? # | | """""" ?# #??##########??? ?# | | ?# #???????????????#############?##+#### | | # #????????????????????????????? ?? | | # ########???????????????????? % | | + #?????????????????? | | ########### #?????????????????# "" | | # #?????????????????# "" | | # #???#########?###?# """ " | | ! # #???# ## #?# % "" "" | | % + #???# #" # # ? " | +----------------------------------------------------+ Best States ------------- Heat Dissipation 145 Coolant Potential 100 Energy Generation 101 Energy Capacity 2820 Matter Stores 1050 Matter Capacity 1050 Sight Range 16 Robot Scan Range 16 Terrain Scan Density 10 Jamming Range 22 Armor Coverage 2450 Resistance: KI 30 Resistance: TH 25 Resistance: EX 75 Core Shielding 90 Weapon Shielding 90 Point Defense Rating 480 Projectile Deflection 15 Weapon Cycling 25 Phase Shifting 15 Evasion (%) 55 Targeting Accuracy 20 Launcher Accuracy 90 Target Analysis 8 Core Analysis 8 Recoil Reduction 6 Matter Filtering 50 Kinecelleration 66 Relay Coupler Types 2 Relay Coupler Value 57 Authchip Count 1 Item Schematics ----------------- Huge Storage Unit | -10/Materials | Hacked Exp. Flexi-carbon Leg | -8/Materials | Scanalyzed Arm. Huge Wheel | -7/Recycling | Hacked Imp. Utility Shielding | -7/Recycling | Hacked CPS Tube | -5/Factory | Scanalyzed Adv. Heavy Siege Treads | -2/Quarantine | Hacked Quantum Reactor | -2/Quarantine | Hacked Hvy. Proton Missile Launcher | -2/Quarantine | Archive Point Singularity Launcher | -2/Quarantine | Archive Plasma Sword | -2/Protoforge | Archive Exp. Coolant Injector | -2/Protoforge | Archive Robot Schematics ------------------ M-13 Machinist | -10/Materials | Hacked A-02 Transporter | -2/Quarantine | Archive R-10 Processor | -2/Quarantine | Archive C-65 Expert | -2/Quarantine | Archive Fabricated ------------ CPS Tube | x1 | -1/Access Repaired ---------- Assault Rifle | 3% | -10/Materials Lgt. Armor Plating | 5% | -9/Materials Exp. Flexi-carbon Leg | 50% | -8/Materials | Broken Studied --------- Wheel | -5/Factory | Hacked Biometal Heavy Treads | -2/Quarantine | Hacked Quantum Reactor | -2/Quarantine | Hacked Enh. Nova Cannon | -2/Quarantine | Hacked Enh. Hardcell Cannon | -2/Quarantine | Hacked Alien Tech Used ----------------- Phase Redirector Phase Armor Terrabomb Dimensional Node Initializer High-powered Transdimensional Reconstructor Sigix Terminator Achievements -------------- On My Own Terms Challenges ------------ None Game ------ Seed CarbideTerrainCharger Manual? 0 Play Time 08:54:25 Cumulative 1400.1 hours Start 2026.03.19 @ 18:27:40 End 2026.03.23 @ 05:33:39 Sessions 29 Manual Loads 0 Difficulty Rogue Special Mode None Game No. 464 Rogue 457 Adventurer 4 Explorer 3 Win Type 0 Total 40 Types 19/5/2/2/1/2/4/1/2/2 Lore% 97 Gallery% 94 Achievement% 87 Wizard Run 0 Options --------- Layout 0 ASCII 0 Keyboard 0 Movement Numpad Keybinds 0 Fullscreen 2 Font 18/SmallcapsGlow Map View 76x50 Zoom Use 0% Tactical HUD 1 Map Filters NONE Filters NONE Steam 1 RUN: 266ac744-abb3-46b3-bef1-1dfc01c06268